 Dungeon Crawl Stone Soup version 0.30-a0-174-gbc10bd73c2 (webtiles) character file.

Game seed: 17715238893532582426

364839 qw the Impregnable (level 22, -1/153 HPs)
             Began as a Gargoyle Fighter on Oct 1, 2022.
             Was a High Priest of Okawaru.
             Killed from afar by a living spell (24 damage)
             ... with an iceblast
             ... summoned by a walking frostbound tome
             ... on level 3 of the Depths.
             The game lasted 00:26:39 (42080 turns).

qw the Impregnable (Gargoyle Fighter)              Turns: 42080, Time: 00:26:39

Health: -1/153     AC: 62    Str: 40    XL:     22   Next: 53%
Magic:  25/29      EV: 14    Int: 11    God:    Okawaru [*****.]
Gold:   1603       SH: 15    Dex:  4    Spells: 21/21 levels left

rFire   + + .      SeeInvis +    j - +12 broad axe "Hiexut" {venom, Str+5}
rCold   + + .      Faith    .    m - +1 kite shield {rC+ rF+}
rNeg    + . .      Spirit   .    N - +0 gold dragon scales
rPois   inf        Reflect  .    k - +2 helmet {SInv}
rElec   +          Harm     .    l - +0 cloak of the Accordion {Will++ Stlth+}
rCorr   .          Rampage  .    P - +2 pair of gloves {Str+3}
Will    +++..                    b - +2 pair of boots
Stlth   ..........               a - amulet of regeneration
HPRegen 1.25/turn                s - +4 ring of evasion
MPRegen 0.21/turn                q - +4 ring of protection

@: heroic, finesse-ful, flying
A: sickness immunity, AC +16, big wings, negative energy resistance 1,
electricity resistance, torment resistance 1, petrification resistance, clumsy
2, mutation resistance 1, screaming 1, strong 1
}: 2/15 runes: decaying, gossamer
a: Renounce Religion, Heroism, Finesse, Duel


You were on level 3 of the Depths.
You worshipped Okawaru.
Okawaru was extremely pleased with you.
You visited 8 branches of the dungeon, and saw 38 of its levels.
You also visited: Ossuary and Gauntlet.

You collected 5143 gold pieces.
You spent 3540 gold pieces at shops.


Innate Abilities, Weirdness & Mutations

You are immune to sickness and miasma.
Your stone body is resilient. (AC +16)
You are immune to poison.
Your large and strong wings let you fly.
You resist negative energy. (rN+)
You are resistant to electric shocks. (rElec)
You are resistant to unholy torment.
You are immune to petrification.
You are very clumsy. (Dex -4)
You are somewhat resistant to further mutation.
You occasionally shout uncontrollably at your foes.
Your muscles are strong. (Str +4, Int/Dex -1)


   Skills:
 - Level 20.8(25.8) Fighting
 - Level 18.0(23.0) Axes
 - Level 11.0(16.0) Throwing
 + Level 21.6(26.6) Armour
 - Level 6.0(11.0) Dodging
 - Level 17.9(22.9) Shields
 - Level 10.0 Invocations


You had 21 spell levels left.
You didn't know any spells.
Your spell library was empty.

Inventory:

Hand Weapons
 j - the +12 broad axe "Hiexut" (weapon) {venom, Str+5}
   (You acquired it on level 4 of the Dungeon)

   It poisons the flesh of those it strikes.
   Str:       It affects your strength (+5).
Missiles
 e - 2 silver javelins
 v - a javelin
 x - 2 boomerangs (quivered)
Armour
 b - a +2 pair of boots (worn)
 c - the +0 kite shield of Xasmiler {rPois Str+4 Int-2}
   (Okawaru gifted it to you on level 5 of the Lair of Beasts)

   Str:       It affects your strength (+4).
   Int:       It affects your intelligence (-2).
   rPois:     It protects you from poison.
 k - a +2 helmet of see invisible (worn)
 l - the +0 cloak of the Accordion (worn) {Will++ Stlth+}
   (You found it in a Gauntlet)

   Will:      It greatly increases your willpower.
   Stlth:     It makes you more stealthy.
 m - a +1 kite shield of resistance (worn)
 n - the +2 helmet of Okawaru's Grace {Str+5 Int+4}
   (Okawaru gifted it to you on level 1 of the Depths)

   Str:       It affects your strength (+5).
   Int:       It affects your intelligence (+4).
 r - the +0 hat of Amyschiece {rC+ rCorr SInv}
   (Okawaru gifted it to you on level 2 of the Vaults)

   rC:        It protects you from cold.
   SInv:      It lets you see invisible.
   rCorr:     It protects you from acid and corrosion.
 u - the +1 chain mail "Xutol" {rElec rCorr}
   (Okawaru gifted it to you on level 1 of the Vaults)

   rElec:     It insulates you from electricity.
   rCorr:     It protects you from acid and corrosion.
 z - a +3 plate armour of cold resistance
 B - the +4 chain mail of the Hot Ocelot {-Tele Will+ Regen+ MP+9}
   (You found it on level 11 of the Dungeon)

   MP:        It affects your magic capacity (+9).
   -Tele:     It prevents most forms of teleportation.
   Regen:     It increases your rate of health regeneration.
   Will:      It increases your willpower.
 C - a +2 cloak of poison resistance
 I - the +0 helmet of the Forest {rCorr Str+2}
   (You acquired it on level 3 of the Spider Nest)

   Str:       It affects your strength (+2).
   rCorr:     It protects you from acid and corrosion.
 K - a +2 kite shield of positive energy
 N - +0 gold dragon scales (worn)
 P - a +2 pair of gloves of strength (worn)
Jewellery
 a - an amulet of regeneration (around neck)
 q - a +4 ring of protection (right hand)
 s - a +4 ring of evasion (left hand)
 D - a ring of ice
 E - the brooch of Shielding {Spirit SH+8}
   (You bought it in a shop on level 3 of the Vaults)

   [amulet of guardian spirit]

   It causes incoming damage to be divided between your reserves of health and
   magic.
   SH:        It affects your SH (+8).
 G - a ring of fire
 H - the ring "Hoppizeppe" {Ice Fly rCorr Stlth-}
   (You bought it in a shop on level 3 of the Vaults)

   [ring of ice]

   It enhances your ice magic.
   rF:        It makes you vulnerable to fire.
   rC:        It protects you from cold.
   Fly:       It grants you flight.
   rCorr:     It protects you from acid and corrosion.
   Stlth:     It makes you less stealthy.
Scrolls
 o - 19 scrolls of identify
 y - 4 scrolls of brand weapon
 A - 2 scrolls of enchant weapon
 F - 4 scrolls of teleportation
Potions
 d - 10 potions of might
 f - 9 potions of haste
 g - 22 potions of curing
 h - 10 potions of attraction
 i - 7 potions of lignification
 p - 3 potions of mutation
 t - 6 potions of cancellation
 w - 4 potions of magic
 J - a potion of resistance
 O - 2 potions of heal wounds

Dungeon Overview and Level Annotations

Branches:
Dungeon (15/15)            Temple (1/1) D:7            Lair (5/5) D:9
  Swamp (4/4) Lair:3       Spider (4/4) Lair:2        Slime (0/5) Lair:5
    Orc (2/2) D:11            Elf (0/3) Orc:2        Vaults (4/5) D:14
  Crypt (0/3) Vaults:2     Depths (3/4) D:15        Ossuary (visited)
Gauntlet (visited)

Altars:
Ashenzari
Cheibriados
Dithmenos
Elyvilon
Fedhas
Gozag
Hepliaklqana
Kikubaaqudgha
Makhleb
Nemelex Xobeh
Okawaru
Qazlal
Ru
Sif Muna
Trog
Uskayaw
Vehumet
Wu Jian
Xom
Yredelemnul
Zin
The Shining One
Jiyva
Lugonu

Shops:
D:6 :   D:7 *(:(   D:15 [   Orc:1 (   Orc:2 *?*=   Vaults:1 *   Vaults:3 =

Portals:
Hell: Depths:1 Depths:2
Abyss: Lair:5
Pandemonium: Depths:1 Depths:2
Trove: Vaults:1 (give 14 potions of heal wounds)

Annotations:
D:7 1 runed translucent door
D:12 1 runed translucent door
Lair:2 2 runed translucent doors, qw's ghost, journeyman GrFi
Lair:5 3 runed translucent doors, qw's ghost, journeyman GrFi
Vaults:1 1 runed translucent door, foobar1000's ghost, veteran SpHu


Message History

The mass of ice explodes!
The iceblast engulfs you. You partially resist.
The living spell casts itself at you.
The mass of ice explodes!
The iceblast engulfs you but does no damage.
The living spell casts itself at you.
The mass of ice explodes!
The iceblast engulfs you but does no damage.
You hear a shout!
42075 ||| INVOKING Heroism.
You gain the combat prowess of a mighty hero.
The deep troll shaman calls upon its god to strengthen the deep troll earth mage.
The deep troll earth mage seems to grow stronger.
The living spell casts itself at you.
The mass of ice explodes!
The iceblast engulfs you! You partially resist.
You slice the deep troll!!
The deep troll is severely wounded.
The tengu reaver points at you and mumbles some strange words.
The bolt of fire hits you! You resist.
You slice the deep troll!!
You kill the deep troll!
Okawaru accepts your kill.
The walking frostbound tome erupts in a flurry of living spells!
A titan comes into view.
You slash the deep troll shaman!
The deep troll shaman is poisoned.
The deep troll shaman is moderately wounded.
You slice the deep troll shaman!!
The deep troll shaman looks as sick as possible!
The deep troll shaman is almost dead.
You slice the deep troll shaman!!
You kill the deep troll shaman!
Okawaru accepts your kill.
A fire giant comes into view.
It is wielding a +4 great sword of flaming.
A fire giant comes into view.
It is wielding a +1 great sword of flaming.
The living spell casts itself at you.
The mass of ice explodes!
The iceblast engulfs you!! You partially resist.
The living spell casts itself at you.
The mass of ice explodes!
The iceblast engulfs you!! You partially resist.
The living spell casts itself at you.
The mass of ice explodes!
The iceblast engulfs you!! You partially resist.
You die...

..'....(+.....#
..#######.....#.....C.#
........#.....#.....C.#
.####...#.....#$......#
.'.)#...#.....#.......#
.####...#.....#...T...#
........#.....#.......#
###...###.....#/.%....#
[)#...# #.....#)@.....#
..#...#
#.....'[.......#
'##...#
#.....#[......#.
.....)###.....#)......#
...%..(.#.....#....;*.#
..####..#.....#..Q....#
..'[.#..#.....#.......#
..####..#.....#$...C..#
.......##.....#.......#


You could see a titan, a walking frostbound tome, 2 fire giants, a tengu reaver,
a deep troll earth mage (strong) and a living spell (summoned).

Vanquished Creatures
  Mennas (Depths:3)
  3 juggernauts
  Margery (Vaults:4)
  Frederick (Vaults:3)
  Bai Suzhen (Vaults:3)
  A caustic shrike (Depths:2)
  3 golden dragons (Depths:2)
  the Enchantress (Depths:1)
  Nikola (Depths:2)
  3 liches
  A walking crystal tome (Depths:2)
  Jorgrun (Orc:2)
  Rupert (D:14)
  3 tentacled monstrosities
  A titan (Depths:3)
  A walking earthen tome (Depths:3)
  A shadow dragon (Depths:2)
  A thorn hunter (Swamp:1)
  Roxanne (D:14)
  5 fire giants
  A revenant (Vaults:2)
  A storm dragon (Depths:2)
  Donald (Spider:4)
  10 frost giants
  5 vault wardens
  2 iron dragons
  4 ghost moths
  2 balrugs (Depths:1)
  An orc warlord (Orc:1)
  8 emperor scorpions
  Aizul (Spider:4)
  2 ghouls (Swamp:4)
  11 ironbound preservers
  14 very ugly things
  A war gargoyle (Vaults:2)
  A broodmother (Spider:1)
  3 spriggan defenders (Depths:1)
  12 stone giants
  7 ironbound thunderhulks
  2 vampire knights
  A deep elf annihilator (Vaults:1)
  11 dire elephants
  4 eleionomae
  A minotaur (Gauntlet)
  4 spark wasps
  7 bunyips
  3 crystal guardians
  A deep elf death mage (Vaults:3)
  Snorg (Orc:2)
  11 ettins
  3 jiangshi (Depths:2)
  4 entropy weavers
  Josephine (D:12)
  A great orb of eyes (Vaults:3)
  9 yaktaur captains
  8 fire dragons
  A salamander tyrant (Depths:1)
  Fannar (Lair:1)
  3 shambling mangroves
  Harold (Lair:1)
  6 vault guards
  11 ice dragons
  3 peacekeepers
  7 rakshasas
  2 ogre magi
  11 hydras
  A radroach (Spider:4)
  2 spriggan air magi
  A merfolk avatar (Swamp:1)
  Erica (Orc:1)
  23 centaur warriors
  4 ironbound frosthearts
  4 two-headed ogres
  2 jorogumos
  2 dancing weapons (D:14)
  12 alligators
  7 boulder beetles
  10 tengu warriors
  A hell hog (Depths:1)
  4 deep troll shamans
  2 thrashing horrors (Lair:5)
  5 spriggan berserkers
  4 vampire magi
  Sonja (Lair:2)
  7 hell knights
  2 deep troll earth magi
  An iron troll (Depths:3)
  A soul eater (Depths:1)
  4 sun demons (Depths:1)
  6 pharaoh ants
  A sun moth (Spider:4)
  A salamander mystic (Depths:1)
  7 goliath frogs
  5 skeletal warriors
  38 deep trolls
  A golden dragon zombie (Depths:1)
  10 orb spiders
  7 steelbarb worms
  A swamp dragon (Swamp:1)
  5 glowing orange brains
  2 bog bodies
  3 spriggan druids
  16 lindwurms
  5 wizards
  A deep elf pyromancer (D:12)
  11 ironbound convokers
  13 orc knights
  4 necromancers
  A sphinx skeleton (Vaults:4)
  A tengu skeleton (Depths:1)
  34 ugly things
  22 wolf spiders
  5 large abominations (Lair:5)
  8 cyclopes
  2 manticores
  A moth of wrath (Spider:4)
  3 orc sorcerers
  7 salamanders (Depths:1)
  4 will-o-the-wisps
  7 elephants
  A rust devil (Depths:1)
  6 black mambas
  A fire giant skeleton (Depths:1)
  7 smoke demons
  17 vault sentinels
  7 torpor snails
  A gargoyle (D:13)
  Maurice (D:8)
  12 cane toads
  Joseph (D:7)
  A torpor snail (shapeshifter) (Depths:3)
  2 hellions (Depths:1)
  3 efreet
  An unseen horror (D:10)
  2 demonic crawlers
  4 freezing wraiths (Swamp:4)
  5 komodo dragons
  A komodo dragon (shapeshifter) (D:14)
  A tormentor (Depths:2)
  An ice devil (Depths:2)
  2 rime drakes
  5 tengu conjurers
  18 yaktaurs
  2 ancient zymes (Lair:5)
  A hellwing (Depths:2)
  4 trolls
  A bloated husk (Swamp:2)
  9 meliai
  A hornet (shapeshifter) (Depths:2)
  11 hornets
  8 tyrant leeches
  4 polar bears
  A blink frog (shapeshifter) (Lair:5)
  A queen bee (Lair:3)
  23 tarantellas
  Prince Ribbit (D:8)
  36 slime creatures
  31 blink frogs
  A human simulacrum (Vaults:4)
  A snapping turtle (shapeshifter) (Depths:1)
  43 jumping spiders
  6 spriggans
  27 culicivoras
  An ettin skeleton (Vaults:4)
  6 wraiths
  A vampire (D:14)
  2 shadows
  A spriggan (shapeshifter) (D:15)
  A ynoxinul (Lair:5)
  7 water elementals (Depths:3)
  41 yaks
  A wyvern (Lair:4)
  Grum (D:9)
  2 neqoxecs (Depths:2)
  4 swamp worm simulacra (Swamp:4)
  A steam dragon (D:8)
  4 vampire mosquitoes (D:11)
  10 basilisks
  66 redbacks
  2 chaos spawn (Lair:5)
  8 wargs
  2 acid dragons
  15 swamp worms
  4 water moccasins
  13 hydra simulacra (Swamp:4)
  A floating eye (Depths:2)
  2 glowing shapeshifter skeletons
  40 orc warriors
  2 sky beasts
  A meliai simulacrum (D:14)
  3 black bears
  A human skeleton (Depths:1)
  An ice beast (D:6)
  A swamp drake (Swamp:1)
  10 wolves
  8 ogres
  7 centaurs
  2 phantoms
  A kobold brigand (D:9)
  Blork the orc (D:4)
  14 bullfrogs
  3 necrophages
  A gnoll sergeant (D:9)
  A bullfrog (shapeshifter) (Depths:2)
  2 scorpions
  9 small abominations (Lair:5)
  A water moccasin zombie (Ossuary)
  5 wights
  29 killer bees
  An electric eel (Spider:2)
  5 howler monkeys
  2 human zombies
  3 hounds
  A jelly (D:5)
  17 orc priests
  Crazy Yiuf (D:7)
  3 iguanas
  19 orc wizards
  9 hell rats
  2 mummies (Ossuary)
  Robin (D:2)
  13 gnolls
  11 adders
  4 river rats (Lair:2)
  A shadow imp (D:6)
  A white imp (D:7)
  3 swamp drake simulacra (Swamp:4)
  4 adder zombies (Ossuary)
  2 worms
  A dart slug (D:4)
  86 orcs
  12 ball pythons
  9 endoplasms
  2 giant cockroaches (D:3)
  2 gnoll zombies (Ossuary)
  17 goblins
  13 hobgoblins
  6 jackals
  6 kobolds
  3 quokkas
  6 bats
  3 frilled lizards
  3 hobgoblin zombies (Ossuary)
  9 kobold zombies (Ossuary)
  6 orc zombies (Ossuary)
  7 rats
  4 briar patches (Swamp:1)
  A bush (Depths:1)
  A butterfly (Depths:1)
1521 creatures vanquished.

Vanquished Creatures (others)
  An emperor scorpion (Spider:4)
  2 stone giants (Depths:2)
  An orb spider (Spider:4)
  A wolf spider (Spider:1)
  A vault sentinel (Vaults:2)
  A culicivora (Spider:2)
  A swamp drake simulacrum (Swamp:4)
  A briar patch (Swamp:1)
  6 bushes (Depths:1)
  19 foxfires
  22 fungi
  40 plants
96 creatures vanquished.

Grand Total: 1617 creatures vanquished

Notes
Turn   | Place    | Note
-------+----------+-------------------------------------------
     0 | D:1      | qw the Gargoyle Fighter began the quest for the Orb.
     0 | D:1      | Reached XP level 1. HP: 14/14 MP: 1/1
     0 | D:1      | 0 ||| qw: Version: 0.2-a-13-gfc7b4b4
     0 | D:1      | 0 ||| qw: Game counter: 1833
     0 | D:1      | 0 ||| qw: Always use a shield: true
     0 | D:1      | 0 ||| qw: God list: Okawaru
     0 | D:1      | 0 ||| qw: Allow faded altars: false
     0 | D:1      | 0 ||| qw: Do Orc after D:15 true
     0 | D:1      | 0 ||| qw: Do second Lair branch before Depths: true
     0 | D:1      | 0 ||| qw: Lair rune preference: random
     0 | D:1      | 0 ||| qw: Plans: Normal, Zot:1-4, God:TSO, Crypt, Tomb,
                  | Pan, Slime:5, Hells, Abyss, Orb
     0 | D:1      | 0 ||| PLANNING D:1-11
    45 | D:1      | 45 ||| Stepping ~*~*~tactically~*~*~ (stealth).
    46 | D:1      | 46 ||| Stepping ~*~*~tactically~*~*~ (stealth).
   111 | D:1      | 111 ||| Stepping ~*~*~tactically~*~*~ (stealth).
   112 | D:1      | 112 ||| Stepping ~*~*~tactically~*~*~ (stealth).
   118 | D:1      | Reached XP level 2. HP: 19/19 MP: 2/2
   152 | D:1      | 152 ||| Stepping ~*~*~tactically~*~*~ (stealth).
   153 | D:1      | 153 ||| Stepping ~*~*~tactically~*~*~ (stealth).
   154 | D:1      | 154 ||| Stepping ~*~*~tactically~*~*~ (stealth).
   251 | D:1      | Found a faded altar of an unknown god.
   258 | D:1      | 258 ||| Stepping ~*~*~tactically~*~*~ (stealth).
   265 | D:1      | Reached skill level 3 in Axes
   475 | D:1      | Reached XP level 3. HP: 23/23 MP: 3/3
   689 | D:1      | 689 ||| READING scroll labelled DEPSUS CAARE.
   803 | D:2      | 803 ||| Stepping ~*~*~tactically~*~*~ (stealth).
   804 | D:2      | 804 ||| Stepping ~*~*~tactically~*~*~ (stealth).
  1102 | D:2      | 1102 ||| Stepping ~*~*~tactically~*~*~ (hiding).
  1103 | D:2      | 1103 ||| Stepping ~*~*~tactically~*~*~ (hiding).
  1104 | D:2      | 1104 ||| Stepping ~*~*~tactically~*~*~ (hiding).
  1105 | D:2      | 1105 ||| Stepping ~*~*~tactically~*~*~ (hiding).
  1106 | D:2      | 1106 ||| Stepping ~*~*~tactically~*~*~ (hiding).
  1107 | D:2      | 1107 ||| Stepping ~*~*~tactically~*~*~ (hiding).
  1118 | D:2      | Reached XP level 4. HP: 26/28 MP: 4/4
  1214 | D:2      | 1214 ||| DROPPING +0 club.
  1401 | D:2      | Noticed Robin
  1410 | D:2      | Killed Robin
  1411 | D:2      | Reached XP level 5. HP: 25/32 MP: 5/5
  1703 | D:2      | 1703 ||| UPGRADING to +1 pair of gloves.
  1708 | D:2      | 1708 ||| UPGRADING to +1 helmet of see invisible.
  1713 | D:2      | 1713 ||| DROPPING ring of magical power.
  1714 | D:2      | 1714 ||| READING scroll labelled CEUTRUNEAMP.
  1766 | D:3      | 1766 ||| Stepping ~*~*~tactically~*~*~ (stealth).
  1926 | D:3      | 1926 ||| Stepping ~*~*~tactically~*~*~ (stealth).
  1943 | D:3      | 1943 ||| Stepping ~*~*~tactically~*~*~ (stealth).
  1948 | D:3      | 1948 ||| Stepping ~*~*~tactically~*~*~ (stealth).
  1951 | D:3      | 1951 ||| Stepping ~*~*~tactically~*~*~ (stealth).
  1954 | D:3      | 1954 ||| Stepping ~*~*~tactically~*~*~ (stealth).
  1980 | D:3      | 1980 ||| Stepping ~*~*~tactically~*~*~ (stealth).
  2299 | D:3      | 2299 ||| DROPPING +0 whip.
  2551 | D:3      | 2551 ||| UPGRADING to amulet of regeneration.
  2556 | D:3      | 2556 ||| READING scroll labelled NOSETU DEPNAE.
  2657 | D:3      | 2657 ||| READING scroll labelled GEOKIGG TAIW.
  2661 | D:3      | 2661 ||| READING 4 scrolls labelled YLO ZACRAFUCEO.
  2662 | D:3      | 2662 ||| READING scroll labelled ZEPTONT ARRAX.
  2663 | D:3      | 2663 ||| DRINKING 2 metallic sapphire potions.
  2664 | D:3      | 2664 ||| DRINKING 2 fizzy purple potions.
  2665 | D:3      | 2665 ||| READING 3 scrolls of identify.
  2665 | D:3      | 2665 ||| IDENTIFYING lumpy coppery potion
  2666 | D:3      | 2666 ||| READING 2 scrolls of identify.
  2666 | D:3      | 2666 ||| IDENTIFYING clear potion
  2667 | D:3      | 2667 ||| DROPPING potion of degeneration.
  2668 | D:3      | 2668 ||| DROPPING potion of flight.
  2715 | D:4      | 2715 ||| Stepping ~*~*~tactically~*~*~ (stealth).
  2724 | D:4      | 2724 ||| Stepping ~*~*~tactically~*~*~ (stealth).
  2868 | D:4      | 2868 ||| DROPPING +2 mace of protection.
  2883 | D:4      | 2883 ||| Stepping ~*~*~tactically~*~*~ (hiding).
  2891 | D:4      | Noticed a sky beast
  2900 | D:4      | Reached skill level 1 in Dodging
  2900 | D:4      | Reached XP level 6. HP: 38/38 MP: 6/6
  2916 | D:4      | Killed a sky beast
  3086 | D:4      | Noticed Blork the orc
  3087 | D:4      | 3087 ||| Stepping ~*~*~tactically~*~*~ (stealth).
  3088 | D:4      | 3088 ||| Stepping ~*~*~tactically~*~*~ (stealth).
  3101 | D:4      | Killed Blork the orc
  3102 | D:4      | Reached skill level 6 in Axes
  3158 | D:4      | You fall into a shaft and drop 3 floors!
  3161 | D:7      | 3161 ||| READING scroll labelled DANWUE YNOESU.
  3162 | D:7      | 3162 ||| READING scroll labelled IJASTI MITS.
  3163 | D:7      | 3163 ||| READING scroll labelled ABOL URUONTEO.
  3178 | D:6      | Found a sand-covered staircase.
  3179 | D:6      | 3179 ||| PLANNING OSSUARY
  3187 | D:6      | Reached XP level 7. HP: 26/43 MP: 7/7
  3199 | D:6      | HP: 10/43 [orc wizard/puff of flame (9)]
  3200 | D:6      | 3200 ||| READING scroll of teleportation.
  3210 | D:6      | HP: 6/43 [black bear (7)]
  3301 | D:6      | Reached XP level 8. HP: 47/49 MP: 8/8
  3306 | D:6      | 3306 ||| FLEEEEING.
  3307 | D:6      | 3307 ||| FLEEEEING.
  3309 | D:6      | 3309 ||| FLEEEEING.
  3310 | D:6      | 3310 ||| FLEEEEING.
  3311 | D:6      | 3311 ||| FLEEEEING.
  3315 | D:6      | 3315 ||| FLEEEEING.
  3316 | D:6      | 3316 ||| FLEEEEING.
  3317 | D:6      | 3317 ||| FLEEEEING.
  3318 | D:6      | 3318 ||| FLEEEEING.
  3339 | D:6      | 3339 ||| FLEEEEING.
  3340 | D:6      | 3340 ||| FLEEEEING.
  3341 | D:6      | 3341 ||| FLEEEEING.
  3342 | D:6      | 3342 ||| FLEEEEING.
  3343 | D:6      | 3343 ||| FLEEEEING.
  3344 | D:6      | 3344 ||| FLEEEEING.
  3345 | D:6      | 3345 ||| FLEEEEING.
  3346 | D:6      | 3346 ||| FLEEEEING.
  3347 | D:6      | 3347 ||| FLEEEEING.
  3348 | D:6      | 3348 ||| FLEEEEING.
  3352 | D:6      | 3352 ||| FLEEEEING.
  3353 | D:6      | 3353 ||| FLEEEEING.
  3354 | D:6      | 3354 ||| STAIRDANCE
  3355 | D:5      | Entered Level 5 of the Dungeon
  3376 | D:6      | 3376 ||| STAIRDANCE
  3396 | D:5      | Reached skill level 6 in Fighting
  3403 | D:6      | 3403 ||| STAIRDANCE
  3407 | D:6      | 3407 ||| STAIRDANCE
  3411 | D:6      | 3411 ||| STAIRDANCE
  3415 | D:6      | 3415 ||| STAIRDANCE
  3419 | D:6      | 3419 ||| STAIRDANCE
  3423 | D:6      | 3423 ||| STAIRDANCE
  3427 | D:6      | 3427 ||| STAIRDANCE
  3431 | D:6      | 3431 ||| STAIRDANCE
  3435 | D:6      | 3435 ||| STAIRDANCE
  3439 | D:6      | 3439 ||| STAIRDANCE
  3443 | D:6      | 3443 ||| STAIRDANCE
  3447 | D:6      | 3447 ||| STAIRDANCE
  3451 | D:6      | 3451 ||| STAIRDANCE
  3455 | D:6      | 3455 ||| STAIRDANCE
  3459 | D:6      | 3459 ||| STAIRDANCE
  3463 | D:6      | 3463 ||| STAIRDANCE
  3467 | D:6      | 3467 ||| STAIRDANCE
  3471 | D:6      | 3471 ||| STAIRDANCE
  3499 | Ossuary  | Entered an ossuary
  3583 | Ossuary  | 3583 ||| Stepping ~*~*~tactically~*~*~ (stealth).
  3695 | Ossuary  | 3695 ||| READING scroll labelled XADITU UZUA.
  3696 | Ossuary  | 3696 ||| READING scroll labelled FEEXEH FETZOTY.
  3697 | Ossuary  | 3697 ||| READING scroll labelled OHIHA JAYMPEWN.
  3698 | Ossuary  | 3698 ||| DRINKING 2 coppery potions.
  3704 | D:6      | 3704 ||| PLANNING D:1-11
  3712 | D:6      | 3712 ||| FLEEEEING.
  3713 | D:6      | 3713 ||| FLEEEEING.
  3838 | D:5      | 3838 ||| UPGRADING to +0 chain mail.
  3848 | D:5      | 3848 ||| DROPPING +0 scale mail.
  3849 | D:5      | 3849 ||| DRINKING 2 murky sapphire potions.
  3850 | D:5      | 3850 ||| DROPPING potion of brilliance.
  3939 | D:4      | Reached skill level 4 in Armour
  4018 | D:4      | Reached skill level 9 in Axes
  4018 | D:4      | Reached XP level 9. HP: 50/55 MP: 9/9
  4258 | D:4      | 4258 ||| UPGRADING to +6 ring of strength.
  4259 | D:4      | 4259 ||| READING scroll labelled TENKYSKADGH.
  4259 | D:4      | Identified a scroll of acquirement
  4259 | D:4      | 4259 ||| ACQUIRING +12 broad axe "Hiexut" {venom, Str+5}
  4259 | D:4      | Acquired the +12 broad axe "Hiexut" {venom, Str+5}
  4261 | D:4      | 4261 ||| SWAPPING to +12 broad axe "Hiexut" {venom, Str+5}.
  4262 | D:4      | 4262 ||| DROPPING +1 war axe.
  4263 | D:4      | 4263 ||| READING 2 scrolls of identify.
  4263 | D:4      | 4263 ||| IDENTIFYING cyan potion
  4437 | D:5      | 4437 ||| Stepping ~*~*~tactically~*~*~ (stealth).
  4569 | D:5      | 4569 ||| READING 2 scrolls of identify.
  4569 | D:5      | 4569 ||| IDENTIFYING amethyst potion
  4849 | D:6      | Found Ihuuciyde's Book Shoppe.
  4853 | D:6      | 4853 ||| Stepping ~*~*~tactically~*~*~ (hiding).
  4925 | D:6      | 4925 ||| READING 3 scrolls labelled FAKHLIBRIUKO.
  4926 | D:6      | 4926 ||| READING 2 scrolls of identify.
  4926 | D:6      | 4926 ||| IDENTIFYING smoky amethyst potion
  4984 | D:7      | Found a shadowy altar of Dithmenos.
  5015 | D:7      | Found a runed translucent door.
  5015 | D:7      | Noticed Crazy Yiuf
  5018 | D:7      | Killed Crazy Yiuf
  5034 | D:7      | 5034 ||| UPGRADING to +0 cloak.
  5039 | D:7      | 5039 ||| READING 2 scrolls of teleportation.
  5052 | D:7      | Noticed Joseph
  5058 | D:7      | Killed Joseph
  5059 | D:7      | Reached skill level 5 in Armour
  5132 | D:8      | 5132 ||| STAIRDANCE
  5260 | D:7      | Found a staircase to the Ecumenical Temple.
  5261 | D:7      | 5261 ||| PLANNING TEMPLE
  5316 | D:7      | Found Kashaece's Book Shop.
  5392 | D:7      | Found Lutumirr's Antique Weapon Emporium.
  5397 | D:7      | 5397 ||| BUYING runed flail (162 gold).
  5397 | D:7      | Bought a runed flail for 162 gold pieces
  5397 | D:7      | 5397 ||| DROPPING +0 flail.
  5421 | D:7      | Found Vinehef's Assorted Antiques.
  5427 | D:7      | 5427 ||| SHOPLISTING 2 potions of haste (580 gold, have
                  | 223).
  5427 | D:7      | 5427 ||| BUYING blackened golden ring (145 gold).
  5427 | D:7      | Bought a blackened golden ring for 145 gold pieces
  5427 | D:7      | 5427 ||| BUYING fizzy cyan potion (26 gold).
  5427 | D:7      | Bought a fizzy cyan potion for 26 gold pieces
  5427 | D:7      | 5427 ||| SHOPLISTING potion of lignification (87 gold, have
                  | 52).
  5427 | D:7      | 5427 ||| BUYING silvery potion (26 gold).
  5427 | D:7      | Bought a silvery potion for 26 gold pieces
  5427 | D:7      | 5427 ||| SHOPLISTING translucent chain mail (275 gold, have
                  | 26).
  5479 | D:7      | Found Ceubb's Antique Weapon Emporium.
  5759 | D:7      | 5759 ||| UPGRADING to +4 ring of protection.
  5760 | D:7      | 5760 ||| READING 2 scrolls of identify.
  5760 | D:7      | 5760 ||| IDENTIFYING bubbling blue potion
  5764 | Temple   | Entered the Ecumenical Temple
  5809 | Temple   | 5809 ||| PLANNING OKAWARU WORSHIP
  5940 | Temple   | Became a worshipper of Warmaster Okawaru
  5941 | Temple   | 5941 ||| PLANNING D:1-11
  6027 | D:8      | 6027 ||| DROPPING +0 flail of protection.
  6036 | D:8      | 6036 ||| Stepping ~*~*~tactically~*~*~ (hiding).
  6208 | D:8      | Noticed Maurice
  6214 | D:8      | Killed Maurice
  6214 | D:8      | Reached * piety under Okawaru
  6336 | D:8      | 6336 ||| INVOKING Heroism.
  6531 | D:8      | Noticed Prince Ribbit
  6532 | D:8      | 6532 ||| Stepping ~*~*~tactically~*~*~ (stealth).
  6534 | D:8      | 6534 ||| Stepping ~*~*~tactically~*~*~ (hiding).
  6535 | D:8      | 6535 ||| Stepping ~*~*~tactically~*~*~ (hiding).
  6536 | D:8      | 6536 ||| INVOKING Heroism.
  6545 | D:8      | Killed Prince Ribbit
  6546 | D:8      | Reached skill level 1 in Invocations
  6546 | D:8      | Reached XP level 10. HP: 53/63 MP: 7/11
  6548 | D:8      | 6548 ||| INVOKING Heroism.
  6733 | D:8      | 6733 ||| DROPPING +6 ring of intelligence.
  6734 | D:8      | 6734 ||| READING scroll labelled TAASERI ETAST.
  6735 | D:8      | 6735 ||| READING 2 scrolls of identify.
  6735 | D:8      | 6735 ||| IDENTIFYING fizzy cyan potion
  6736 | D:8      | 6736 ||| DROPPING potion of berserk rage.
  6755 | D:9      | 6755 ||| INVOKING Heroism.
  6786 | D:9      | Found a staircase to the Lair.
  6787 | D:9      | 6787 ||| Stepping ~*~*~tactically~*~*~ (hiding).
  6790 | D:9      | 6790 ||| Stepping ~*~*~tactically~*~*~ (hiding).
  6795 | D:9      | Reached skill level 3 in Invocations
  6877 | D:9      | 6877 ||| INVOKING Heroism.
  6883 | D:9      | 6883 ||| Stepping ~*~*~tactically~*~*~ (stealth).
  6888 | D:9      | 6888 ||| Stepping ~*~*~tactically~*~*~ (stealth).
  6898 | D:9      | 6898 ||| Stepping ~*~*~tactically~*~*~ (hiding).
  6901 | D:9      | 6901 ||| Stepping ~*~*~tactically~*~*~ (hiding).
  6904 | D:9      | 6904 ||| INVOKING Heroism.
  6970 | D:9      | Found a radiant altar of Vehumet.
  7011 | D:9      | Identified the +0 chain mail "Wetipt" {Dex+7}
  7059 | D:9      | 7059 ||| Stepping ~*~*~tactically~*~*~ (hiding).
  7062 | D:9      | 7062 ||| INVOKING Heroism.
  7064 | D:9      | Reached skill level 6 in Armour
  7085 | D:9      | 7085 ||| Stepping ~*~*~tactically~*~*~ (hiding).
  7091 | D:9      | 7091 ||| Stepping ~*~*~tactically~*~*~ (stealth).
  7120 | D:9      | 7120 ||| Stepping ~*~*~tactically~*~*~ (hiding).
  7268 | D:9      | 7268 ||| INVOKING Heroism.
  7277 | D:9      | Reached ** piety under Okawaru
  7361 | D:9      | Noticed Grum
  7362 | D:9      | 7362 ||| INVOKING Heroism.
  7373 | D:9      | Killed Grum
  7387 | D:9      | 7387 ||| INVOKING Heroism.
  7535 | D:9      | 7535 ||| PLANNING LAIR
  7535 | D:9      | 7535 ||| UPGRADING to +0 plate armour.
  7545 | D:9      | 7545 ||| DROPPING +0 chain mail.
  7546 | D:9      | 7546 ||| DROPPING +0 chain mail "Wetipt" {Dex+7}.
  7547 | D:9      | 7547 ||| DROPPING +1 pair of gloves.
  7570 | D:9      | 7570 ||| Stepping ~*~*~tactically~*~*~ (hiding).
  7680 | Lair:1   | Entered Level 1 of the Lair of Beasts
  7687 | Lair:1   | 7687 ||| Stepping ~*~*~tactically~*~*~ (stealth).
  7688 | Lair:1   | 7688 ||| INVOKING Heroism.
  7746 | Lair:1   | Noticed Harold
  7747 | Lair:1   | 7747 ||| INVOKING Heroism.
  7749 | Lair:1   | Noticed a cane toad
  7757 | Lair:1   | Reached skill level 7 in Armour
  7758 | Lair:1   | Noticed Fannar
  7759 | Lair:1   | Noticed a black mamba
  7760 | Lair:1   | Killed a cane toad
  7760 | Lair:1   | Reached *** piety under Okawaru
  7766 | Lair:1   | Killed a black mamba
  7767 | Lair:1   | Killed Harold
  7768 | Lair:1   | Reached skill level 8 in Armour
  7768 | Lair:1   | Reached XP level 11. HP: 39/68 MP: 14/14
  7771 | Lair:1   | Reached **** piety under Okawaru
  7771 | Lair:1   | Killed Fannar
  7772 | Lair:1   | Reached skill level 9 in Fighting
  7772 | Lair:1   | HP: 12/71 [komodo dragon (11)]
  7773 | Lair:1   | 7773 ||| READING 2 scrolls of teleportation.
  7774 | Lair:1   | 7774 ||| DRINKING 2 potions of heal wounds.
  7775 | Lair:1   | 7775 ||| DRINKING potion of heal wounds.
  7776 | Lair:1   | 7776 ||| INVOKING Heroism.
  8153 | Lair:1   | 8153 ||| INVOKING Heroism.
  8219 | Lair:1   | Found a hazy altar of Hepliaklqana.
  8601 | Lair:1   | 8601 ||| READING scroll labelled TARPHE OCRUANE.
  8735 | Lair:2   | 8735 ||| INVOKING Heroism.
  8741 | Lair:2   | Reached ***** piety under Okawaru
  8765 | Lair:2   | Found a hole to the Spider Nest.
  8769 | Lair:2   | Noticed Sonja
  8770 | Lair:2   | 8770 ||| Stepping ~*~*~tactically~*~*~ (stealth).
  8776 | Lair:2   | 8776 ||| Stepping ~*~*~tactically~*~*~ (stealth).
  8777 | Lair:2   | 8777 ||| Stepping ~*~*~tactically~*~*~ (stealth).
  8781 | Lair:2   | 8781 ||| INVOKING Finesse.
  8785 | Lair:2   | Killed Sonja
  8865 | Lair:2   | 8865 ||| INVOKING Heroism.
  8874 | Lair:2   | Reached skill level 6 in Invocations
  8876 | Lair:2   | Noticed a six-headed hydra
  8877 | Lair:2   | 8877 ||| INVOKING Finesse.
  8878 | Lair:2   | 8878 ||| INVOKING Finesse.
  8879 | Lair:2   | 8879 ||| INVOKING Heroism.
  8880 | Lair:2   | 8880 ||| INVOKING Finesse.
  8881 | Lair:2   | 8881 ||| SWAPPING to +5 morningstar.
  8887 | Lair:2   | Killed a six-headed hydra
  8888 | Lair:2   | 8888 ||| SWAPPING to +12 broad axe "Hiexut" {venom, Str+5}.
  9129 | Lair:2   | 9129 ||| INVOKING Heroism.
  9149 | Lair:2   | 9149 ||| Stepping ~*~*~tactically~*~*~ (stealth).
  9150 | Lair:2   | 9150 ||| Stepping ~*~*~tactically~*~*~ (stealth).
  9432 | Lair:2   | Reached skill level 12 in Axes
  9466 | Lair:2   | 9466 ||| INVOKING Heroism.
  9489 | Lair:2   | Found a large runed translucent door.
  9489 | Lair:2   | Found a large runed translucent door.
  9761 | Lair:2   | Noticed qw's ghost (journeyman GrFi)
  9804 | Lair:2   | Reached skill level 6 in Shields
  9841 | Lair:2   | 9841 ||| INVOKING Heroism.
  9847 | Lair:2   | Reached XP level 12. HP: 76/76 MP: 14/17
  9853 | Lair:2   | Received a gift from Okawaru
  9855 | Lair:2   | Reached skill level 9 in Armour
 10036 | Lair:2   | 10036 ||| READING 2 scrolls of identify.
 10036 | Lair:2   | 10036 ||| IDENTIFYING silvery potion
 10087 | Lair:3   | 10087 ||| STAIRDANCE
 10318 | Lair:3   | 10318 ||| INVOKING Heroism.
 10386 | Lair:3   | 10386 ||| INVOKING Heroism.
 10429 | Lair:3   | 10429 ||| Stepping ~*~*~tactically~*~*~ (stealth).
 10431 | Lair:3   | 10431 ||| INVOKING Heroism.
 10440 | Lair:3   | Reached skill level 9 in Invocations
 10451 | Lair:3   | 10451 ||| INVOKING Heroism.
 10569 | Lair:3   | 10569 ||| INVOKING Heroism.
 10588 | Lair:3   | Found a staircase to the Swamp.
 10836 | Lair:3   | 10836 ||| INVOKING Heroism.
 10979 | Lair:4   | Found a gate leading to a gauntlet.
 10980 | Lair:4   | 10980 ||| PLANNING GAUNTLET
 10980 | Lair:4   | 10980 ||| STAIRDANCE
 11005 | Lair:4   | 11005 ||| STAIRDANCE
 11013 | Gauntlet | Entered a Gauntlet
 11013 | Gauntlet | Noticed a tengu warrior
 11013 | Gauntlet | Found a large runed translucent door.
 11013 | Gauntlet | Found a large runed translucent door.
 11013 | Gauntlet | Found a large runed translucent door.
 11013 | Gauntlet | Found a large runed translucent door.
 11013 | Gauntlet | Found a large runed translucent door.
 11013 | Gauntlet | Found a large runed translucent door.
 11013 | Gauntlet | Found a transporter.
 11013 | Gauntlet | Found a large runed translucent door.
 11013 | Gauntlet | Found a large runed translucent door.
 11013 | Gauntlet | Found a runed translucent door.
 11013 | Gauntlet | Found a runed translucent gate.
 11013 | Gauntlet | Found a runed translucent gate.
 11013 | Gauntlet | Found a transporter.
 11013 | Gauntlet | Found a transporter.
 11023 | Gauntlet | Found a transporter.
 11026 | Gauntlet | Found a transporter.
 11037 | Gauntlet | Found a transporter.
 11037 | Gauntlet | Found a transporter.
 11046 | Gauntlet | Noticed a hell beast
 11050 | Gauntlet | Found a transporter.
 11063 | Gauntlet | Found a transporter.
 11069 | Gauntlet | Found a transporter.
 11071 | Gauntlet | Found a transporter.
 11082 | Gauntlet | Found a transporter.
 11083 | Gauntlet | Found the +5 robe of Night {Dark Will+ SInv}
 11086 | Gauntlet | Found a runed translucent gate.
 11090 | Gauntlet | Found a runed translucent door.
 11101 | Gauntlet | Found a large runed translucent door.
 11101 | Gauntlet | Found a large runed translucent door.
 11101 | Gauntlet | Found a large runed translucent door.
 11101 | Gauntlet | Found a large runed translucent door.
 11102 | Gauntlet | Found a large runed translucent door.
 11102 | Gauntlet | Found a large runed translucent door.
 11103 | Gauntlet | Found a large runed translucent door.
 11103 | Gauntlet | Found a large runed translucent door.
 11200 | Gauntlet | 11200 ||| INVOKING Heroism.
 11218 | Gauntlet | 11218 ||| Stepping randomly (stuck).
 11247 | Gauntlet | Identified the +0 cloak of the Accordion {Will++ Stlth+}
 11251 | Gauntlet | 11251 ||| UPGRADING to +0 cloak of the Accordion {Will++
                  | Stlth+}.
 11261 | Gauntlet | 11261 ||| DROPPING +0 cloak.
 11299 | Gauntlet | Noticed a minotaur
 11300 | Gauntlet | 11300 ||| INVOKING Heroism.
 11301 | Gauntlet | 11301 ||| INVOKING Finesse.
 11310 | Gauntlet | Killed a minotaur
 11392 | Gauntlet | 11392 ||| UPGRADING to +4 ring of evasion.
 11394 | Gauntlet | 11394 ||| DROPPING +6 ring of strength.
 11409 | Lair:4   | 11409 ||| PLANNING LAIR
 11416 | Lair:4   | 11416 ||| Stepping ~*~*~tactically~*~*~ (stealth).
 11418 | Lair:4   | 11418 ||| Stepping ~*~*~tactically~*~*~ (stealth).
 11419 | Lair:4   | 11419 ||| Stepping ~*~*~tactically~*~*~ (stealth).
 11423 | Lair:4   | 11423 ||| Stepping ~*~*~tactically~*~*~ (stealth).
 11425 | Lair:4   | 11425 ||| INVOKING Heroism.
 11431 | Lair:4   | Reached skill level 1 in Throwing
 11508 | Lair:4   | 11508 ||| Stepping ~*~*~tactically~*~*~ (stealth).
 11511 | Lair:4   | 11511 ||| Stepping ~*~*~tactically~*~*~ (stealth).
 11518 | Lair:4   | Identified the +1 ring mail "Ehechol" {Dex+2} (Okawaru
                  | gifted it to you on level 4 of the Lair of Beasts)
 11518 | Lair:4   | Received a gift from Okawaru
 11528 | Lair:4   | 11528 ||| INVOKING Heroism.
 11535 | Lair:4   | Reached skill level 3 in Throwing
 11538 | Lair:4   | Reached XP level 13. HP: 82/82 MP: 18/20
 11769 | Lair:4   | 11769 ||| INVOKING Heroism.
 11976 | Lair:4   | 11976 ||| UPGRADING to +2 buckler.
 11986 | Lair:4   | 11986 ||| DROPPING +0 buckler.
 11987 | Lair:4   | 11987 ||| READING 4 scrolls of identify.
 11987 | Lair:4   | 11987 ||| IDENTIFYING sapphire potion
 11988 | Lair:4   | 11988 ||| DROPPING potion of invisibility.
 11998 | Lair:5   | Entered Level 5 of the Lair of Beasts
 11999 | Lair:5   | 11999 ||| INVOKING Heroism.
 12004 | Lair:5   | 12004 ||| STAIRDANCE
 12025 | Lair:5   | 12025 ||| STAIRDANCE
 12035 | Lair:5   | 12035 ||| STAIRDANCE
 12037 | Lair:4   | 12037 ||| INVOKING Heroism.
 12121 | Lair:5   | Noticed qw's ghost (journeyman GrFi)
 12234 | Lair:5   | Reached skill level 10 in Armour
 12253 | Lair:5   | Found a runed translucent gate.
 12253 | Lair:5   | Found a runed translucent gate.
 12253 | Lair:5   | Found a runed translucent gate.
 12267 | Lair:5   | 12267 ||| FLEEEEING.
 12269 | Lair:5   | 12269 ||| Stepping ~*~*~tactically~*~*~ (stealth).
 12270 | Lair:5   | 12270 ||| Stepping ~*~*~tactically~*~*~ (stealth).
 12271 | Lair:5   | 12271 ||| Stepping ~*~*~tactically~*~*~ (stealth).
 12287 | Lair:5   | 12287 ||| INVOKING Heroism.
 12340 | Lair:5   | Identified the +0 kite shield of Xasmiler {rPois Str+4
                  | Int-2} (Okawaru gifted it to you on level 5 of the Lair of
                  | Beasts)
 12340 | Lair:5   | Received a gift from Okawaru
 12343 | Lair:5   | 12343 ||| Stepping ~*~*~tactically~*~*~ (hiding).
 12475 | Lair:5   | Found a viscous altar of Jiyva.
 12475 | Lair:5   | Found a staircase to the Slime Pits.
 12586 | Lair:5   | 12586 ||| INVOKING Heroism.
 12621 | Lair:5   | 12621 ||| Stepping ~*~*~tactically~*~*~ (hiding).
 12624 | Lair:5   | 12624 ||| Stepping ~*~*~tactically~*~*~ (stealth).
 12627 | Lair:5   | 12627 ||| Stepping ~*~*~tactically~*~*~ (hiding).
 12657 | Lair:5   | 12657 ||| INVOKING Heroism.
 12683 | Lair:5   | 12683 ||| Stepping ~*~*~tactically~*~*~ (stealth).
 12687 | Lair:5   | 12687 ||| Stepping ~*~*~tactically~*~*~ (stealth).
 12688 | Lair:5   | 12688 ||| INVOKING Heroism.
 12771 | Lair:5   | 12771 ||| Stepping ~*~*~tactically~*~*~ (stealth).
 12772 | Lair:5   | 12772 ||| Stepping ~*~*~tactically~*~*~ (stealth).
 12774 | Lair:5   | 12774 ||| Stepping ~*~*~tactically~*~*~ (stealth).
 12829 | Lair:5   | 12829 ||| INVOKING Heroism.
 12854 | Lair:5   | 12854 ||| Stepping ~*~*~tactically~*~*~ (stealth).
 12871 | Lair:5   | 12871 ||| INVOKING Heroism.
 13104 | Lair:5   | 13104 ||| Stepping ~*~*~tactically~*~*~ (hiding).
 13110 | Lair:5   | 13110 ||| INVOKING Heroism.
 13161 | Lair:5   | 13161 ||| Stepping ~*~*~tactically~*~*~ (hiding).
 13210 | Lair:5   | 13210 ||| Stepping ~*~*~tactically~*~*~ (stealth).
 13211 | Lair:5   | 13211 ||| Stepping ~*~*~tactically~*~*~ (stealth).
 13212 | Lair:5   | 13212 ||| Stepping ~*~*~tactically~*~*~ (stealth).
 13221 | Lair:5   | Gained mutation: Your large and strong wings let you fly.
                  | [Gargoyle growth]
 13221 | Lair:5   | Reached XP level 14. HP: 64/90 MP: 21/21
 13225 | Lair:5   | Reached skill level 15 in Axes
 13228 | Lair:5   | 13228 ||| Stepping ~*~*~tactically~*~*~ (stealth).
 13230 | Lair:5   | 13230 ||| Stepping ~*~*~tactically~*~*~ (stealth).
 13233 | Lair:5   | 13233 ||| Stepping ~*~*~tactically~*~*~ (stealth).
 13234 | Lair:5   | 13234 ||| Stepping ~*~*~tactically~*~*~ (stealth).
 13235 | Lair:5   | 13235 ||| Stepping ~*~*~tactically~*~*~ (stealth).
 13250 | Lair:5   | Found a corrupted altar of Lugonu.
 13250 | Lair:5   | Found a one-way gate to the infinite horrors of the Abyss.
 13436 | Lair:5   | 13436 ||| PLANNING D:1-11
 13436 | Lair:5   | 13436 ||| UPGRADING to +0 kite shield of Xasmiler {rPois
                  | Str+4 Int-2}.
 13446 | Lair:5   | 13446 ||| DROPPING +2 buckler.
 13591 | D:10     | Entered Level 10 of the Dungeon
 13620 | D:10     | 13620 ||| INVOKING Heroism.
 13669 | D:10     | 13669 ||| INVOKING Heroism.
 13782 | D:10     | Found a broken altar of Ashenzari.
 13816 | D:10     | 13816 ||| Stepping ~*~*~tactically~*~*~ (hiding).
 13876 | D:10     | Found a glowing silver altar of Zin.
 13884 | D:10     | 13884 ||| READING scroll of acquirement.
 13884 | D:10     | 13884 ||| ACQUIRING +5 broad axe of flaming
 13884 | D:10     | Acquired a +5 broad axe of flaming
 13886 | D:10     | 13886 ||| DROPPING +5 morningstar.
 13908 | D:10     | Found a sparkling altar of Nemelex Xobeh.
 14112 | D:10     | 14112 ||| Stepping ~*~*~tactically~*~*~ (hiding).
 14114 | D:10     | 14114 ||| INVOKING Heroism.
 14168 | D:10     | 14168 ||| Stepping ~*~*~tactically~*~*~ (stealth).
 14170 | D:10     | 14170 ||| Stepping ~*~*~tactically~*~*~ (stealth).
 14183 | D:10     | 14183 ||| Stepping ~*~*~tactically~*~*~ (stealth).
 14371 | D:10     | 14371 ||| UPGRADING to +0 pair of boots.
 14432 | D:11     | Reached skill level 9 in Shields
 14453 | D:11     | 14453 ||| INVOKING Heroism.
 14470 | D:11     | 14470 ||| Stepping ~*~*~tactically~*~*~ (hiding).
 14487 | D:11     | Received a gift from Okawaru
 14497 | D:11     | 14497 ||| INVOKING Heroism.
 14521 | D:11     | Identified the +4 chain mail of the Hot Ocelot {-Tele Will+
                  | Regen+ MP+9}
 14555 | D:11     | 14555 ||| Stepping ~*~*~tactically~*~*~ (hiding).
 14561 | D:11     | 14561 ||| INVOKING Heroism.
 14897 | D:11     | 14897 ||| Stepping ~*~*~tactically~*~*~ (stealth).
 14988 | D:11     | Found a staircase to the Orcish Mines.
 15028 | D:11     | 15028 ||| Stepping ~*~*~tactically~*~*~ (stealth).
 15033 | D:11     | 15033 ||| FLEEEEING.
 15184 | D:11     | 15184 ||| PLANNING D
 15357 | D:12     | 15357 ||| Stepping ~*~*~tactically~*~*~ (hiding).
 15369 | D:12     | 15369 ||| INVOKING Heroism.
 15372 | D:12     | Received a gift from Okawaru
 15455 | D:12     | 15455 ||| INVOKING Heroism.
 15456 | D:12     | 15456 ||| INVOKING Finesse.
 15529 | D:12     | 15529 ||| INVOKING Heroism.
 15539 | D:12     | 15539 ||| READING 8 scrolls of teleportation.
 15592 | D:12     | 15592 ||| FLEEEEING.
 15742 | D:12     | Found a runed translucent door.
 15766 | D:12     | 15766 ||| Stepping ~*~*~tactically~*~*~ (stealth).
 15768 | D:12     | 15768 ||| INVOKING Heroism.
 15780 | D:12     | Received a gift from Okawaru
 15785 | D:12     | Noticed Josephine
 15786 | D:12     | 15786 ||| Stepping ~*~*~tactically~*~*~ (hiding).
 15793 | D:12     | Killed Josephine
 15829 | D:12     | 15829 ||| INVOKING Heroism.
 16107 | D:12     | 16107 ||| DROPPING ring of positive energy.
 16120 | D:13     | Found a sacrificial altar of Ru.
 16157 | D:13     | Reached skill level 12 in Shields
 16249 | D:13     | 16249 ||| INVOKING Heroism.
 16250 | D:13     | 16250 ||| SWAPPING to +5 broad axe of flaming.
 16256 | D:13     | 16256 ||| SWAPPING to +12 broad axe "Hiexut" {venom,
                  | Str+5}.
 16318 | D:13     | 16318 ||| Stepping ~*~*~tactically~*~*~ (hiding).
 16439 | D:13     | 16439 ||| Stepping ~*~*~tactically~*~*~ (hiding).
 16449 | D:13     | 16449 ||| INVOKING Heroism.
 16600 | D:13     | Reached skill level 11 in Armour
 16674 | D:13     | 16674 ||| Stepping ~*~*~tactically~*~*~ (hiding).
 16682 | D:13     | 16682 ||| INVOKING Heroism.
 16690 | D:13     | Received a gift from Okawaru
 16691 | D:13     | Reached skill level 3 in Dodging
 16877 | D:13     | 16877 ||| DROPPING +1 hat.
 16893 | D:14     | 16893 ||| Stepping ~*~*~tactically~*~*~ (hiding).
 17025 | D:14     | 17025 ||| INVOKING Heroism.
 17029 | D:14     | Reached XP level 15. HP: 62/95 MP: 19/22
 17058 | D:14     | Found a gate to the Vaults.
 17061 | D:14     | Noticed Rupert
 17062 | D:14     | 17062 ||| INVOKING Finesse.
 17071 | D:14     | Killed Rupert
 17179 | D:14     | 17179 ||| INVOKING Heroism.
 17194 | D:14     | Reached skill level 12 in Fighting
 17273 | D:14     | 17273 ||| INVOKING Heroism.
 17359 | D:14     | Identified the +2 leather armour of Benevolence {Fly rPois
                  | Str+6 Int-5}
 17743 | D:14     | Identified Roxanne's Teachings on Metal
 17743 | D:14     | Noticed Roxanne
 17744 | D:14     | 17744 ||| INVOKING Heroism.
 17745 | D:14     | 17745 ||| INVOKING Finesse.
 17760 | D:14     | Killed Roxanne
 18021 | D:14     | 18021 ||| Stepping ~*~*~tactically~*~*~ (hiding).
 18271 | D:15     | Entered Level 15 of the Dungeon
 18297 | D:15     | 18297 ||| Stepping ~*~*~tactically~*~*~ (hiding).
 18301 | D:15     | 18301 ||| INVOKING Heroism.
 18344 | D:15     | 18344 ||| INVOKING Finesse.
 18353 | D:15     | 18353 ||| Stepping ~*~*~tactically~*~*~ (hiding).
 18358 | D:15     | 18358 ||| INVOKING Heroism.
 18400 | D:15     | Found a staircase to the Depths.
 18414 | D:15     | Noticed a frost giant
 18415 | D:15     | 18415 ||| INVOKING Finesse.
 18416 | D:15     | 18416 ||| INVOKING Heroism.
 18427 | D:15     | Killed a frost giant
 18488 | D:15     | Found Toiplyos's Antique Armour Emporium.
 18502 | D:15     | Received a gift from Okawaru
 18523 | D:15     | 18523 ||| BUYING embroidered cloak (285 gold).
 18523 | D:15     | Bought an embroidered cloak for 285 gold pieces
 18523 | D:15     | 18523 ||| BUYING glowing cloak (285 gold).
 18523 | D:15     | Bought a glowing cloak for 285 gold pieces
 18538 | D:15     | 18538 ||| INVOKING Heroism.
 18598 | D:15     | 18598 ||| INVOKING Heroism.
 18693 | D:15     | Received a gift from Okawaru
 18784 | D:15     | 18784 ||| Stepping ~*~*~tactically~*~*~ (stealth).
 18798 | D:15     | Reached skill level 12 in Armour
 18886 | D:15     | 18886 ||| PLANNING ORC
 18886 | D:15     | 18886 ||| UPGRADING to +1 kite shield of resistance.
 18896 | D:15     | 18896 ||| DROPPING +1 cloak.
 19007 | Orc:1    | Entered Level 1 of the Orcish Mines
 19008 | Orc:1    | 19008 ||| INVOKING Heroism.
 19131 | Orc:1    | Found Siryffu's Antique Weapon Shoppe.
 19133 | Orc:1    | 19133 ||| INVOKING Heroism.
 19263 | Orc:2    | Entered Level 2 of the Orcish Mines
 19263 | Orc:2    | Found a staircase to the Elven Halls.
 19310 | Orc:2    | 19310 ||| INVOKING Heroism.
 19311 | Orc:2    | Noticed Snorg
 19312 | Orc:2    | 19312 ||| INVOKING Finesse.
 19312 | Orc:2    | Noticed Jorgrun
 19330 | Orc:2    | Killed Snorg
 19335 | Orc:2    | Killed Jorgrun
 19390 | Orc:2    | 19390 ||| INVOKING Heroism.
 19587 | Orc:2    | 19587 ||| FLEEEEING.
 19588 | Orc:2    | 19588 ||| STAIRDANCE
 19589 | Orc:1    | Noticed Erica
 19590 | Orc:1    | 19590 ||| INVOKING Heroism.
 19591 | Orc:1    | 19591 ||| INVOKING Finesse.
 19592 | Orc:1    | Noticed an orc warlord
 19601 | Orc:1    | Killed Erica
 19611 | Orc:1    | Received a gift from Okawaru
 19625 | Orc:1    | Killed an orc warlord
 19824 | Orc:1    | 19824 ||| UPGRADING to +1 plate armour of cold resistance.
 19834 | Orc:1    | 19834 ||| DROPPING +0 plate armour.
 19852 | Orc:2    | 19852 ||| STAIRDANCE
 19860 | Orc:2    | 19860 ||| STAIRDANCE
 19862 | Orc:1    | 19862 ||| INVOKING Heroism.
 19872 | Orc:1    | Received a gift from Okawaru
 19920 | Orc:2    | 19920 ||| Stepping ~*~*~tactically~*~*~ (stealth).
 19927 | Orc:2    | 19927 ||| INVOKING Heroism.
 19949 | Orc:2    | 19949 ||| Stepping ~*~*~tactically~*~*~ (stealth).
 19950 | Orc:2    | 19950 ||| Stepping ~*~*~tactically~*~*~ (stealth).
 19952 | Orc:2    | 19952 ||| Stepping ~*~*~tactically~*~*~ (stealth).
 19970 | Orc:2    | 19970 ||| Stepping ~*~*~tactically~*~*~ (stealth).
 19977 | Orc:2    | 19977 ||| Stepping ~*~*~tactically~*~*~ (stealth).
 19978 | Orc:2    | 19978 ||| Stepping ~*~*~tactically~*~*~ (stealth).
 19992 | Orc:2    | 19992 ||| Stepping ~*~*~tactically~*~*~ (stealth).
 19994 | Orc:2    | 19994 ||| INVOKING Heroism.
 20001 | Orc:2    | Reached XP level 16. HP: 101/101 MP: 21/23
 20022 | Orc:2    | 20022 ||| Stepping ~*~*~tactically~*~*~ (stealth).
 20028 | Orc:2    | 20028 ||| Stepping ~*~*~tactically~*~*~ (stealth).
 20029 | Orc:2    | 20029 ||| Stepping ~*~*~tactically~*~*~ (stealth).
 20030 | Orc:2    | 20030 ||| INVOKING Heroism.
 20055 | Orc:2    | Found Qihofooz's Magic Scroll Shop.
 20055 | Orc:2    | Found Icziputt's General Store.
 20062 | Orc:2    | 20062 ||| BUYING 3 scrolls of teleportation (117 gold).
 20062 | Orc:2    | Bought 3 scrolls of teleportation for 117 gold pieces
 20062 | Orc:2    | 20062 ||| BUYING scroll of brand weapon (123 gold).
 20062 | Orc:2    | Bought a scroll of brand weapon for 123 gold pieces
 20112 | Orc:2    | 20112 ||| Stepping ~*~*~tactically~*~*~ (stealth).
 20148 | Orc:2    | 20148 ||| Stepping ~*~*~tactically~*~*~ (hiding).
 20173 | Orc:2    | Found Qexucw's Jewellery Shop.
 20173 | Orc:2    | Found Qics's General Store.
 20180 | Orc:2    | 20180 ||| BUYING +3 plate armour (480 gold).
 20180 | Orc:2    | Bought a +3 plate armour for 480 gold pieces
 20180 | Orc:2    | 20180 ||| BUYING potion of might (48 gold).
 20180 | Orc:2    | Bought a potion of might for 48 gold pieces
 20189 | Orc:2    | 20189 ||| BUYING ring of fire (325 gold).
 20189 | Orc:2    | Bought a ring of fire for 325 gold pieces
 20189 | Orc:2    | 20189 ||| SHOPLISTING ring of ice (325 gold, have 323).
 20252 | Orc:2    | 20252 ||| INVOKING Heroism.
 20344 | Orc:2    | 20344 ||| Stepping ~*~*~tactically~*~*~ (hiding).
 20486 | Orc:2    | 20486 ||| PLANNING SPIDER:1-3
 20486 | Orc:2    | 20486 ||| UPGRADING to +3 plate armour.
 20664 | Spider:1 | Entered Level 1 of the Spider Nest
 20673 | Spider:1 | 20673 ||| Stepping ~*~*~tactically~*~*~ (hiding).
 20675 | Spider:1 | 20675 ||| INVOKING Finesse.
 20681 | Spider:1 | 20681 ||| INVOKING Heroism.
 20684 | Spider:1 | 20684 ||| DRINKING 10 potions of curing.
 20684 | Spider:1 | 20684 ||| (to cure confusion)
 20886 | Spider:1 | 20886 ||| INVOKING Heroism.
 20928 | Spider:1 | 20928 ||| Stepping ~*~*~tactically~*~*~ (stealth).
 20943 | Spider:1 | 20943 ||| INVOKING Heroism.
 21000 | Spider:1 | 21000 ||| Stepping ~*~*~tactically~*~*~ (stealth).
 21003 | Spider:1 | 21003 ||| INVOKING Heroism.
 21004 | Spider:1 | Received a gift from Okawaru
 21035 | Spider:1 | 21035 ||| Stepping ~*~*~tactically~*~*~ (stealth).
 21039 | Spider:1 | 21039 ||| Stepping ~*~*~tactically~*~*~ (stealth).
 21210 | Spider:1 | 21210 ||| Stepping ~*~*~tactically~*~*~ (stealth).
 21211 | Spider:1 | 21211 ||| Stepping ~*~*~tactically~*~*~ (stealth).
 21218 | Spider:1 | 21218 ||| DRINKING 10 potions of curing.
 21218 | Spider:1 | 21218 ||| (to cure confusion)
 21253 | Spider:1 | 21253 ||| Stepping ~*~*~tactically~*~*~ (stealth).
 21254 | Spider:1 | 21254 ||| Stepping ~*~*~tactically~*~*~ (stealth).
 21256 | Spider:1 | 21256 ||| Stepping ~*~*~tactically~*~*~ (stealth).
 21258 | Spider:1 | 21258 ||| INVOKING Heroism.
 21265 | Spider:1 | 21265 ||| Stepping ~*~*~tactically~*~*~ (stealth).
 21297 | Spider:1 | 21297 ||| INVOKING Heroism.
 21311 | Spider:1 | Reached skill level 13 in Armour
 21314 | Spider:1 | 21314 ||| INVOKING Finesse.
 21329 | Spider:1 | 21329 ||| DRINKING 6 potions of cancellation.
 21567 | Spider:1 | 21567 ||| Stepping ~*~*~tactically~*~*~ (stealth).
 21637 | Spider:2 | 21637 ||| INVOKING Heroism.
 21639 | Spider:2 | 21639 ||| STAIRDANCE
 21650 | Spider:2 | 21650 ||| STAIRDANCE
 21692 | Spider:2 | 21692 ||| STAIRDANCE
 21798 | Spider:2 | 21798 ||| Stepping ~*~*~tactically~*~*~ (hiding).
 21800 | Spider:2 | 21800 ||| INVOKING Heroism.
 21806 | Spider:2 | Received a gift from Okawaru
 21807 | Spider:2 | Reached skill level 6 in Throwing
 21816 | Spider:2 | 21816 ||| INVOKING Finesse.
 21827 | Spider:2 | You are sucked into a shaft and drop 1 floor!
 21881 | Spider:2 | 21881 ||| READING scroll of enchant armour.
 21881 | Spider:2 | 21881 ||| ENCHANTING +1 pair of gloves.
 21911 | Spider:2 | 21911 ||| INVOKING Finesse.
 21922 | Spider:2 | 21922 ||| Stepping ~*~*~tactically~*~*~ (stealth).
 21926 | Spider:2 | 21926 ||| Stepping ~*~*~tactically~*~*~ (stealth).
 22025 | Spider:2 | 22025 ||| INVOKING Heroism.
 22026 | Spider:2 | 22026 ||| INVOKING Finesse.
 22125 | Spider:2 | 22125 ||| Stepping ~*~*~tactically~*~*~ (stealth).
 22150 | Spider:2 | 22150 ||| Stepping ~*~*~tactically~*~*~ (stealth).
 22440 | Spider:3 | 22440 ||| INVOKING Heroism.
 22449 | Spider:3 | Received a gift from Okawaru
 22450 | Spider:3 | Reached skill level 18 in Axes
 22524 | Spider:3 | 22524 ||| Stepping ~*~*~tactically~*~*~ (stealth).
 22527 | Spider:3 | 22527 ||| DRINKING 10 potions of curing.
 22527 | Spider:3 | 22527 ||| (to cure confusion)
 22537 | Spider:3 | 22537 ||| READING scroll of acquirement.
 22537 | Spider:3 | 22537 ||| ACQUIRING +0 helmet of the Forest {rCorr Str+2}
 22537 | Spider:3 | Acquired the +0 helmet of the Forest {rCorr Str+2}
 22701 | Spider:3 | 22701 ||| Stepping ~*~*~tactically~*~*~ (stealth).
 22749 | Spider:3 | 22749 ||| Stepping ~*~*~tactically~*~*~ (hiding).
 22752 | Spider:3 | 22752 ||| INVOKING Finesse.
 22756 | Spider:3 | 22756 ||| Stepping ~*~*~tactically~*~*~ (stealth).
 22762 | Spider:3 | 22762 ||| INVOKING Heroism.
 22779 | Spider:3 | Reached XP level 17. HP: 108/108 MP: 18/24
 22858 | Spider:3 | 22858 ||| READING scroll of enchant armour.
 22858 | Spider:3 | 22858 ||| ENCHANTING +1 helmet of see invisible.
 22869 | Spider:3 | 22869 ||| INVOKING Heroism.
 22885 | Spider:3 | Received a gift from Okawaru
 23098 | Spider:3 | 23098 ||| INVOKING Heroism.
 23100 | Spider:3 | 23100 ||| INVOKING Finesse.
 23195 | Spider:3 | 23195 ||| Stepping ~*~*~tactically~*~*~ (stealth).
 23207 | Spider:3 | 23207 ||| Stepping ~*~*~tactically~*~*~ (stealth).
 23208 | Spider:3 | 23208 ||| Stepping ~*~*~tactically~*~*~ (stealth).
 23212 | Spider:3 | 23212 ||| Stepping ~*~*~tactically~*~*~ (stealth).
 23214 | Spider:3 | 23214 ||| Stepping ~*~*~tactically~*~*~ (stealth).
 23221 | Spider:3 | 23221 ||| INVOKING Heroism.
 23226 | Spider:3 | Identified the +0 troll leather armour of the Blue Mackerel
                  | {rF+ Will+ Regen+} (Okawaru gifted it to you on level 3 of
                  | the Spider Nest)
 23226 | Spider:3 | Received a gift from Okawaru
 23358 | Spider:3 | 23358 ||| Stepping ~*~*~tactically~*~*~ (stealth).
 23407 | Spider:3 | 23407 ||| Stepping ~*~*~tactically~*~*~ (stealth).
 23435 | Spider:3 | 23435 ||| INVOKING Heroism.
 23439 | Spider:3 | 23439 ||| Stepping ~*~*~tactically~*~*~ (hiding).
 23519 | Spider:3 | 23519 ||| PLANNING SWAMP:1-3
 23519 | Spider:3 | 23519 ||| DROPPING ring of wizardry.
 23520 | Spider:3 | 23520 ||| READING 20 scrolls of identify.
 23520 | Spider:3 | 23520 ||| IDENTIFYING puce potion
 23638 | Swamp:1  | Entered Level 1 of the Swamp
 23652 | Swamp:1  | 23652 ||| Stepping ~*~*~tactically~*~*~ (hiding).
 23668 | Swamp:1  | 23668 ||| Stepping ~*~*~tactically~*~*~ (stealth).
 23706 | Swamp:1  | 23706 ||| Stepping ~*~*~tactically~*~*~ (hiding).
 23713 | Swamp:1  | 23713 ||| INVOKING Heroism.
 23715 | Swamp:1  | 23715 ||| SWAPPING to +5 broad axe of flaming.
 23724 | Swamp:1  | 23724 ||| SWAPPING to +12 broad axe "Hiexut" {venom,
                  | Str+5}.
 23770 | Swamp:1  | 23770 ||| Stepping ~*~*~tactically~*~*~ (hiding).
 23771 | Swamp:1  | 23771 ||| INVOKING Heroism.
 23825 | Swamp:1  | 23825 ||| INVOKING Heroism.
 23838 | Swamp:1  | 23838 ||| INVOKING Finesse.
 23962 | Swamp:1  | 23962 ||| INVOKING Heroism.
 23968 | Swamp:1  | 23968 ||| SWAPPING to +5 broad axe of flaming.
 23972 | Swamp:1  | Reached skill level 14 in Armour
 23977 | Swamp:1  | 23977 ||| SWAPPING to +12 broad axe "Hiexut" {venom,
                  | Str+5}.
 23989 | Swamp:1  | 23989 ||| INVOKING Finesse.
 24164 | Swamp:1  | 24164 ||| READING scroll labelled FERCHA ZYGEN VABB.
 24195 | Swamp:2  | 24195 ||| INVOKING Heroism.
 24224 | Swamp:2  | 24224 ||| SWAPPING to +5 broad axe of flaming.
 24233 | Swamp:2  | 24233 ||| SWAPPING to +12 broad axe "Hiexut" {venom,
                  | Str+5}.
 24389 | Swamp:2  | Reached skill level 15 in Fighting
 24449 | Swamp:2  | 24449 ||| INVOKING Heroism.
 24451 | Swamp:2  | 24451 ||| SWAPPING to +5 broad axe of flaming.
 24458 | Swamp:2  | 24458 ||| SWAPPING to +12 broad axe "Hiexut" {venom,
                  | Str+5}.
 24591 | Swamp:2  | 24591 ||| Stepping ~*~*~tactically~*~*~ (stealth).
 24592 | Swamp:2  | 24592 ||| Stepping ~*~*~tactically~*~*~ (stealth).
 24701 | Swamp:2  | 24701 ||| Stepping ~*~*~tactically~*~*~ (hiding).
 24702 | Swamp:2  | 24702 ||| Stepping ~*~*~tactically~*~*~ (hiding).
 24709 | Swamp:2  | 24709 ||| INVOKING Heroism.
 24849 | Swamp:2  | 24849 ||| DROPPING +6 ring of dexterity.
 24868 | Swamp:3  | 24868 ||| Stepping ~*~*~tactically~*~*~ (stealth).
 24872 | Swamp:3  | 24872 ||| STAIRDANCE
 24877 | Swamp:3  | 24877 ||| STAIRDANCE
 24894 | Swamp:3  | 24894 ||| STAIRDANCE
 25002 | Swamp:3  | 25002 ||| Stepping ~*~*~tactically~*~*~ (hiding).
 25005 | Swamp:3  | 25005 ||| INVOKING Heroism.
 25021 | Swamp:3  | 25021 ||| Stepping ~*~*~tactically~*~*~ (hiding).
 25035 | Swamp:3  | Received a gift from Okawaru
 25567 | Swamp:3  | 25567 ||| Stepping ~*~*~tactically~*~*~ (hiding).
 25701 | Swamp:3  | 25701 ||| PLANNING SPIDER:4
 25833 | Spider:4 | Entered Level 4 of the Spider Nest
 25834 | Spider:4 | 25834 ||| Stepping ~*~*~tactically~*~*~ (hiding).
 25835 | Spider:4 | 25835 ||| Stepping ~*~*~tactically~*~*~ (hiding).
 25836 | Spider:4 | 25836 ||| INVOKING Heroism.
 25837 | Spider:4 | 25837 ||| INVOKING Finesse.
 25838 | Spider:4 | 25838 ||| STAIRDANCE
 25875 | Spider:4 | 25875 ||| STAIRDANCE
 25905 | Spider:4 | 25905 ||| STAIRDANCE
 25912 | Spider:4 | 25912 ||| INVOKING Finesse.
 25917 | Spider:4 | Found a frozen archway.
 25940 | Spider:4 | 25940 ||| INVOKING Heroism.
 25978 | Spider:4 | Noticed Aizul
 25979 | Spider:4 | 25979 ||| INVOKING Heroism.
 25991 | Spider:4 | Killed Aizul
 25993 | Spider:4 | Received a gift from Okawaru
 25994 | Spider:4 | Reached XP level 18. HP: 118/119 MP: 0/25
 25998 | Spider:4 | 25998 ||| DROPPING +5 broad axe of flaming.
 26134 | Spider:4 | 26134 ||| INVOKING Heroism.
 26156 | Spider:4 | 26156 ||| READING scroll of enchant armour.
 26156 | Spider:4 | 26156 ||| ENCHANTING +0 pair of boots.
 26192 | Spider:4 | 26192 ||| INVOKING Heroism.
 26193 | Spider:4 | 26193 ||| INVOKING Finesse.
 26197 | Spider:4 | Noticed Donald
 26227 | Spider:4 | Killed Donald
 26228 | Spider:4 | Reached skill level 15 in Armour
 26239 | Spider:4 | 26239 ||| INVOKING Finesse.
 26310 | Spider:4 | 26310 ||| INVOKING Heroism.
 26390 | Spider:4 | 26390 ||| Stepping ~*~*~tactically~*~*~ (hiding).
 26391 | Spider:4 | 26391 ||| INVOKING Heroism.
 26392 | Spider:4 | 26392 ||| Stepping ~*~*~tactically~*~*~ (hiding).
 26393 | Spider:4 | 26393 ||| INVOKING Finesse.
 26472 | Spider:4 | 26472 ||| INVOKING Heroism.
 26525 | Spider:4 | 26525 ||| INVOKING Heroism.
 26535 | Spider:4 | Reached skill level 15 in Shields
 26562 | Spider:4 | 26562 ||| INVOKING Finesse.
 26584 | Spider:4 | 26584 ||| INVOKING Heroism.
 26808 | Spider:4 | Identified the +2 hat "Teak" {*Slow +Inv Will++}
 26812 | Spider:4 | Got a gossamer rune of Zot
 26850 | Spider:4 | 26850 ||| PLANNING VAULTS:1-4
 26850 | Spider:4 | 26850 ||| UPGRADING to +3 plate armour of cold resistance.
 26860 | Spider:4 | 26860 ||| DROPPING +3 plate armour.
 26861 | Spider:4 | 26861 ||| DROPPING +1 plate armour of cold resistance.
 26862 | Spider:4 | 26862 ||| DROPPING scarf of shadows.
 26863 | Spider:4 | 26863 ||| DROPPING +2 hat "Teak" {*Slow +Inv Will++}.
 27111 | Vaults:1 | Entered Level 1 of the Vaults
 27164 | Vaults:1 | 27164 ||| INVOKING Heroism.
 27217 | Vaults:1 | 27217 ||| INVOKING Heroism.
 27222 | Vaults:1 | Received a gift from Okawaru
 27282 | Vaults:1 | Found a portal to a secret trove of treasure.
 27302 | Vaults:1 | 27302 ||| Stepping ~*~*~tactically~*~*~ (hiding).
 27303 | Vaults:1 | 27303 ||| INVOKING Heroism.
 27345 | Vaults:1 | Reached skill level 16 in Armour
 27368 | Vaults:1 | 27368 ||| Stepping ~*~*~tactically~*~*~ (hiding).
 27467 | Vaults:1 | Found a runed translucent door.
 27467 | Vaults:1 | Noticed foobar1000's ghost (veteran SpHu)
 27500 | Vaults:1 | 27500 ||| INVOKING Heroism.
 27503 | Vaults:1 | Received a gift from Okawaru
 27532 | Vaults:1 | 27532 ||| Stepping ~*~*~tactically~*~*~ (hiding).
 27552 | Vaults:1 | 27552 ||| INVOKING Heroism.
 27611 | Vaults:1 | Found Qaul's Assorted Antiques.
 27612 | Vaults:1 | 27612 ||| Stepping ~*~*~tactically~*~*~ (hiding).
 27620 | Vaults:1 | 27620 ||| INVOKING Heroism.
 27682 | Vaults:1 | 27682 ||| BUYING potion of curing (72 gold).
 27682 | Vaults:1 | Bought a potion of curing for 72 gold pieces
 27895 | Vaults:1 | Reached XP level 19. HP: 127/128 MP: 26/26
 27903 | Vaults:1 | 27903 ||| INVOKING Heroism.
 27913 | Vaults:1 | Identified the +1 chain mail "Xutol" {rElec rCorr} (Okawaru
                  | gifted it to you on level 1 of the Vaults)
 27913 | Vaults:1 | Received a gift from Okawaru
 28063 | Vaults:1 | 28063 ||| Stepping ~*~*~tactically~*~*~ (stealth).
 28077 | Vaults:1 | 28077 ||| INVOKING Heroism.
 28245 | Vaults:1 | 28245 ||| DROPPING +0 acid dragon scales.
 28314 | Vaults:2 | 28314 ||| Stepping ~*~*~tactically~*~*~ (stealth).
 28320 | Vaults:2 | 28320 ||| Stepping ~*~*~tactically~*~*~ (hiding).
 28328 | Vaults:2 | 28328 ||| Stepping ~*~*~tactically~*~*~ (hiding).
 28341 | Vaults:2 | 28341 ||| Stepping ~*~*~tactically~*~*~ (hiding).
 28475 | Vaults:2 | 28475 ||| INVOKING Heroism.
 28481 | Vaults:2 | Reached skill level 17 in Armour
 28491 | Vaults:2 | 28491 ||| Stepping ~*~*~tactically~*~*~ (hiding).
 28548 | Vaults:2 | Found a staircase to the Crypt.
 28549 | Vaults:2 | 28549 ||| INVOKING Heroism.
 28712 | Vaults:2 | 28712 ||| INVOKING Heroism.
 28713 | Vaults:2 | 28713 ||| INVOKING Finesse.
 28771 | Vaults:2 | 28771 ||| Stepping ~*~*~tactically~*~*~ (stealth).
 28778 | Vaults:2 | 28778 ||| Stepping ~*~*~tactically~*~*~ (stealth).
 28783 | Vaults:2 | 28783 ||| Stepping ~*~*~tactically~*~*~ (stealth).
 28784 | Vaults:2 | 28784 ||| Stepping ~*~*~tactically~*~*~ (stealth).
 28794 | Vaults:2 | 28794 ||| FLEEEEING.
 28795 | Vaults:2 | 28795 ||| FLEEEEING.
 28796 | Vaults:2 | 28796 ||| FLEEEEING.
 28797 | Vaults:2 | 28797 ||| FLEEEEING.
 28798 | Vaults:2 | 28798 ||| FLEEEEING.
 28919 | Vaults:2 | 28919 ||| INVOKING Heroism.
 28920 | Vaults:2 | 28920 ||| Stepping ~*~*~tactically~*~*~ (stealth).
 28921 | Vaults:2 | 28921 ||| INVOKING Finesse.
 28923 | Vaults:2 | 28923 ||| Stepping ~*~*~tactically~*~*~ (stealth).
 28942 | Vaults:2 | Reached skill level 18 in Fighting
 29070 | Vaults:2 | 29070 ||| Stepping ~*~*~tactically~*~*~ (hiding).
 29071 | Vaults:2 | 29071 ||| FLEEEEING.
 29072 | Vaults:2 | 29072 ||| FLEEEEING.
 29075 | Vaults:2 | 29075 ||| FLEEEEING.
 29076 | Vaults:2 | 29076 ||| FLEEEEING.
 29077 | Vaults:2 | 29077 ||| FLEEEEING.
 29078 | Vaults:2 | 29078 ||| FLEEEEING.
 29079 | Vaults:2 | 29079 ||| FLEEEEING.
 29080 | Vaults:2 | 29080 ||| FLEEEEING.
 29081 | Vaults:2 | 29081 ||| FLEEEEING.
 29082 | Vaults:2 | 29082 ||| FLEEEEING.
 29083 | Vaults:2 | 29083 ||| FLEEEEING.
 29084 | Vaults:2 | 29084 ||| FLEEEEING.
 29085 | Vaults:2 | 29085 ||| FLEEEEING.
 29086 | Vaults:2 | 29086 ||| FLEEEEING.
 29087 | Vaults:2 | 29087 ||| FLEEEEING.
 29088 | Vaults:2 | 29088 ||| FLEEEEING.
 29089 | Vaults:2 | 29089 ||| FLEEEEING.
 29090 | Vaults:2 | 29090 ||| FLEEEEING.
 29091 | Vaults:2 | 29091 ||| Stepping ~*~*~tactically~*~*~ (hiding).
 29095 | Vaults:2 | 29095 ||| INVOKING Heroism.
 29096 | Vaults:2 | Received a gift from Okawaru
 29102 | Vaults:2 | 29102 ||| INVOKING Finesse.
 29151 | Vaults:2 | Identified the +0 hat of Amyschiece {rC+ rCorr SInv}
                  | (Okawaru gifted it to you on level 2 of the Vaults)
 29151 | Vaults:2 | Received a gift from Okawaru
 29557 | Vaults:2 | You are sucked into a shaft and drop 2 floors!
 29572 | Vaults:4 | 29572 ||| INVOKING Heroism.
 29673 | Vaults:4 | 29673 ||| INVOKING Heroism.
 29781 | Vaults:4 | 29781 ||| INVOKING Heroism.
 30020 | Vaults:3 | 30020 ||| Stepping ~*~*~tactically~*~*~ (hiding).
 30023 | Vaults:3 | 30023 ||| INVOKING Heroism.
 30133 | Vaults:3 | Identified the +6 scale mail "Fuarchu" {*Corrode Int+4}
 30211 | Vaults:3 | 30211 ||| INVOKING Heroism.
 30273 | Vaults:3 | 30273 ||| INVOKING Heroism.
 30276 | Vaults:3 | Noticed Bai Suzhen
 30277 | Vaults:3 | 30277 ||| INVOKING Finesse.
 30294 | Vaults:3 | Killed Bai Suzhen
 30295 | Vaults:3 | Reached skill level 18 in Armour
 30295 | Vaults:3 | 30295 ||| Stepping ~*~*~tactically~*~*~ (cloud).
 30456 | Vaults:3 | 30456 ||| Stepping ~*~*~tactically~*~*~ (stealth).
 30457 | Vaults:3 | 30457 ||| Stepping ~*~*~tactically~*~*~ (stealth).
 30459 | Vaults:3 | 30459 ||| Stepping ~*~*~tactically~*~*~ (hiding).
 30460 | Vaults:3 | 30460 ||| Stepping ~*~*~tactically~*~*~ (hiding).
 30461 | Vaults:3 | 30461 ||| Stepping ~*~*~tactically~*~*~ (hiding).
 30597 | Vaults:3 | Noticed Frederick
 30598 | Vaults:3 | 30598 ||| INVOKING Heroism.
 30599 | Vaults:3 | 30599 ||| INVOKING Finesse.
 30609 | Vaults:3 | Killed Frederick
 30727 | Vaults:3 | Noticed a tentacled monstrosity
 30728 | Vaults:3 | 30728 ||| Stepping ~*~*~tactically~*~*~ (hiding).
 30738 | Vaults:3 | 30738 ||| INVOKING Heroism.
 30741 | Vaults:3 | 30741 ||| INVOKING Finesse.
 30751 | Vaults:3 | Killed a tentacled monstrosity
 30855 | Vaults:3 | 30855 ||| Stepping ~*~*~tactically~*~*~ (hiding).
 30858 | Vaults:3 | 30858 ||| INVOKING Heroism.
 30868 | Vaults:3 | Reached XP level 20. HP: 136/136 MP: 25/27
 30868 | Vaults:3 | 30868 ||| Stepping ~*~*~tactically~*~*~ (hiding).
 30976 | Vaults:3 | 30976 ||| Stepping ~*~*~tactically~*~*~ (stealth).
 31013 | Vaults:3 | 31013 ||| Stepping ~*~*~tactically~*~*~ (hiding).
 31014 | Vaults:3 | 31014 ||| INVOKING Heroism.
 31021 | Vaults:3 | 31021 ||| STAIRDANCE
 31033 | Vaults:2 | 31033 ||| DROPPING amulet of the acrobat.
 31037 | Vaults:3 | 31037 ||| INVOKING Heroism.
 31111 | Vaults:3 | 31111 ||| Stepping ~*~*~tactically~*~*~ (stealth).
 31113 | Vaults:3 | 31113 ||| Stepping ~*~*~tactically~*~*~ (stealth).
 31279 | Vaults:3 | Found Redghomma's Jewellery Shop.
 31284 | Vaults:3 | 31284 ||| BUYING brooch of Shielding {Spirit SH+8} (910
                  | gold).
 31284 | Vaults:3 | Bought the brooch of Shielding {Spirit SH+8} for 910 gold
                  | pieces
 31284 | Vaults:3 | Found the brooch of Shielding {Spirit SH+8}
 31284 | Vaults:3 | 31284 ||| BUYING ring "Hoppizeppe" {Ice Fly rCorr Stlth-}
                  | (536 gold).
 31284 | Vaults:3 | Bought the ring "Hoppizeppe" {Ice Fly rCorr Stlth-} for 536
                  | gold pieces
 31639 | Vaults:4 | 31639 ||| FLEEEEING.
 31640 | Vaults:4 | 31640 ||| FLEEEEING.
 31641 | Vaults:4 | 31641 ||| FLEEEEING.
 31642 | Vaults:4 | 31642 ||| FLEEEEING.
 31643 | Vaults:4 | 31643 ||| FLEEEEING.
 31644 | Vaults:4 | 31644 ||| FLEEEEING.
 31645 | Vaults:4 | 31645 ||| FLEEEEING.
 31646 | Vaults:4 | 31646 ||| FLEEEEING.
 31647 | Vaults:4 | 31647 ||| FLEEEEING.
 31648 | Vaults:4 | 31648 ||| FLEEEEING.
 31649 | Vaults:4 | 31649 ||| FLEEEEING.
 31650 | Vaults:4 | 31650 ||| FLEEEEING.
 31651 | Vaults:4 | 31651 ||| FLEEEEING.
 31652 | Vaults:4 | 31652 ||| FLEEEEING.
 31653 | Vaults:4 | 31653 ||| FLEEEEING.
 31654 | Vaults:4 | 31654 ||| FLEEEEING.
 31655 | Vaults:4 | 31655 ||| FLEEEEING.
 31656 | Vaults:4 | 31656 ||| FLEEEEING.
 31657 | Vaults:4 | 31657 ||| FLEEEEING.
 31658 | Vaults:4 | 31658 ||| FLEEEEING.
 31659 | Vaults:4 | 31659 ||| FLEEEEING.
 31660 | Vaults:4 | 31660 ||| FLEEEEING.
 31661 | Vaults:4 | 31661 ||| FLEEEEING.
 31662 | Vaults:4 | 31662 ||| FLEEEEING.
 31663 | Vaults:4 | 31663 ||| FLEEEEING.
 31664 | Vaults:4 | 31664 ||| FLEEEEING.
 31669 | Vaults:4 | 31669 ||| FLEEEEING.
 31670 | Vaults:4 | 31670 ||| FLEEEEING.
 31685 | Vaults:4 | 31685 ||| INVOKING Heroism.
 31700 | Vaults:4 | Received a gift from Okawaru
 31720 | Vaults:4 | Received a gift from Okawaru
 31729 | Vaults:4 | HP: 31/139 [peacekeeper/volley of spikes (13)]
 31730 | Vaults:4 | 31730 ||| READING 16 scrolls of teleportation.
 31731 | Vaults:4 | 31731 ||| DRINKING 8 potions of heal wounds.
 31748 | Vaults:4 | Noticed Margery
 31749 | Vaults:4 | 31749 ||| DRINKING potion of resistance.
 31750 | Vaults:4 | 31750 ||| INVOKING Heroism.
 31760 | Vaults:4 | Killed Margery
 31766 | Vaults:4 | HP: 33/139 [peacekeeper (10)]
 31767 | Vaults:4 | 31767 ||| READING 15 scrolls of teleportation.
 31915 | Vaults:4 | 31915 ||| Stepping ~*~*~tactically~*~*~ (stealth).
 31916 | Vaults:4 | 31916 ||| INVOKING Heroism.
 31921 | Vaults:4 | Received a gift from Okawaru
 31986 | Vaults:4 | 31986 ||| INVOKING Heroism.
 32055 | Vaults:4 | 32055 ||| Stepping ~*~*~tactically~*~*~ (stealth).
 32261 | Vaults:4 | Identified the +1 hand axe of Dullness {vorpal, *Slow MP+9
                  | Int+5} (Okawaru gifted it to you on level 4 of the Vaults)
 32261 | Vaults:4 | Received a gift from Okawaru
 32421 | Vaults:4 | 32421 ||| INVOKING Heroism.
 32895 | Vaults:4 | 32895 ||| PLANNING SWAMP:4
 33249 | Swamp:4  | Entered Level 4 of the Swamp
 33266 | Swamp:4  | 33266 ||| Stepping ~*~*~tactically~*~*~ (stealth).
 33285 | Swamp:4  | 33285 ||| Stepping ~*~*~tactically~*~*~ (hiding).
 33293 | Swamp:4  | 33293 ||| INVOKING Heroism.
 33341 | Swamp:4  | 33341 ||| INVOKING Heroism.
 33363 | Swamp:4  | Reached skill level 9 in Throwing
 33474 | Swamp:4  | 33474 ||| Stepping ~*~*~tactically~*~*~ (hiding).
 33537 | Swamp:4  | 33537 ||| INVOKING Heroism.
 33634 | Swamp:4  | 33634 ||| Stepping ~*~*~tactically~*~*~ (stealth).
 34095 | Swamp:4  | 34095 ||| PLANNING SWAMP:1-3
 34104 | Swamp:3  | 34104 ||| PLANNING SWAMP:4
 34106 | Swamp:4  | 34106 ||| PLANNING SWAMP:1-3
 34106 | Swamp:4  | 34106 ||| READING 14 scrolls of teleportation.
 34107 | Swamp:4  | 34107 ||| STAIRDANCE
 34109 | Swamp:3  | 34109 ||| PLANNING SWAMP:4
 34179 | Swamp:4  | 34179 ||| Stepping ~*~*~tactically~*~*~ (stealth).
 34181 | Swamp:4  | 34181 ||| Stepping ~*~*~tactically~*~*~ (stealth).
 34190 | Swamp:4  | 34190 ||| PLANNING SWAMP:1-3
 34200 | Swamp:3  | 34200 ||| PLANNING SWAMP:4
 34202 | Swamp:4  | 34202 ||| PLANNING SWAMP:1-3
 34202 | Swamp:4  | 34202 ||| READING 13 scrolls of teleportation.
 34203 | Swamp:4  | 34203 ||| STAIRDANCE
 34205 | Swamp:3  | 34205 ||| PLANNING SWAMP:4
 34276 | Swamp:4  | 34276 ||| PLANNING SWAMP:1-3
 34286 | Swamp:3  | 34286 ||| PLANNING SWAMP:4
 34288 | Swamp:4  | 34288 ||| PLANNING SWAMP:1-3
 34288 | Swamp:4  | 34288 ||| READING 12 scrolls of teleportation.
 34289 | Swamp:4  | 34289 ||| STAIRDANCE
 34293 | Swamp:3  | 34293 ||| PLANNING SWAMP:4
 34389 | Swamp:4  | 34389 ||| PLANNING SWAMP:1-3
 34397 | Swamp:3  | 34397 ||| PLANNING SWAMP:4
 34399 | Swamp:4  | 34399 ||| PLANNING SWAMP:1-3
 34399 | Swamp:4  | 34399 ||| READING 11 scrolls of teleportation.
 34400 | Swamp:4  | 34400 ||| STAIRDANCE
 34404 | Swamp:3  | 34404 ||| PLANNING SWAMP:4
 34464 | Swamp:4  | 34464 ||| PLANNING SWAMP:1-3
 34464 | Swamp:4  | 34464 ||| READING 10 scrolls of teleportation.
 34474 | Swamp:3  | 34474 ||| PLANNING SWAMP:4
 34476 | Swamp:4  | 34476 ||| PLANNING SWAMP:1-3
 34476 | Swamp:4  | 34476 ||| READING 9 scrolls of teleportation.
 34477 | Swamp:4  | 34477 ||| STAIRDANCE
 34479 | Swamp:3  | 34479 ||| PLANNING SWAMP:4
 34502 | Swamp:4  | 34502 ||| PLANNING SWAMP:1-3
 34508 | Swamp:3  | 34508 ||| PLANNING SWAMP:4
 34510 | Swamp:4  | 34510 ||| PLANNING SWAMP:1-3
 34510 | Swamp:4  | 34510 ||| READING 8 scrolls of teleportation.
 34511 | Swamp:4  | 34511 ||| STAIRDANCE
 34513 | Swamp:3  | 34513 ||| PLANNING SWAMP:4
 34529 | Swamp:4  | 34529 ||| PLANNING SWAMP:1-3
 34535 | Swamp:3  | 34535 ||| PLANNING SWAMP:4
 34537 | Swamp:4  | 34537 ||| PLANNING SWAMP:1-3
 34537 | Swamp:4  | 34537 ||| READING 7 scrolls of teleportation.
 34538 | Swamp:4  | 34538 ||| STAIRDANCE
 34541 | Swamp:3  | 34541 ||| PLANNING SWAMP:4
 34615 | Swamp:4  | 34615 ||| PLANNING SWAMP:1-3
 34623 | Swamp:3  | 34623 ||| PLANNING SWAMP:4
 34625 | Swamp:4  | 34625 ||| PLANNING SWAMP:1-3
 34625 | Swamp:4  | 34625 ||| READING 6 scrolls of teleportation.
 34626 | Swamp:4  | 34626 ||| STAIRDANCE
 34628 | Swamp:3  | 34628 ||| PLANNING SWAMP:4
 34708 | Swamp:4  | 34708 ||| PLANNING SWAMP:1-3
 34721 | Swamp:3  | 34721 ||| PLANNING SWAMP:4
 34723 | Swamp:4  | 34723 ||| PLANNING SWAMP:1-3
 34723 | Swamp:4  | 34723 ||| READING 5 scrolls of teleportation.
 34724 | Swamp:4  | 34724 ||| STAIRDANCE
 34726 | Swamp:3  | 34726 ||| PLANNING SWAMP:4
 34796 | Swamp:4  | 34796 ||| PLANNING SWAMP:1-3
 34797 | Swamp:4  | 34797 ||| Stepping ~*~*~tactically~*~*~ (cloud).
 34809 | Swamp:3  | 34809 ||| PLANNING SWAMP:4
 34811 | Swamp:4  | 34811 ||| PLANNING SWAMP:1-3
 34811 | Swamp:4  | 34811 ||| READING 4 scrolls of teleportation.
 34812 | Swamp:4  | 34812 ||| STAIRDANCE
 34814 | Swamp:3  | 34814 ||| PLANNING SWAMP:4
 34824 | Swamp:4  | 34824 ||| PLANNING SWAMP:1-3
 34833 | Swamp:3  | 34833 ||| PLANNING SWAMP:4
 34835 | Swamp:4  | 34835 ||| PLANNING SWAMP:1-3
 34835 | Swamp:4  | 34835 ||| READING 3 scrolls of teleportation.
 34836 | Swamp:4  | 34836 ||| STAIRDANCE
 34838 | Swamp:3  | 34838 ||| PLANNING SWAMP:4
 34855 | Swamp:4  | 34855 ||| PLANNING SWAMP:1-3
 34864 | Swamp:3  | 34864 ||| PLANNING SWAMP:4
 34866 | Swamp:4  | 34866 ||| PLANNING SWAMP:1-3
 34866 | Swamp:4  | 34866 ||| READING 2 scrolls of teleportation.
 34867 | Swamp:4  | 34867 ||| STAIRDANCE
 34871 | Swamp:3  | 34871 ||| PLANNING SWAMP:4
 34934 | Swamp:4  | 34934 ||| PLANNING SWAMP:1-3
 34947 | Swamp:3  | 34947 ||| PLANNING SWAMP:4
 34949 | Swamp:4  | 34949 ||| PLANNING SWAMP:1-3
 34949 | Swamp:4  | 34949 ||| READING scroll of teleportation.
 34950 | Swamp:4  | 34950 ||| STAIRDANCE
 34952 | Swamp:3  | 34952 ||| PLANNING SWAMP:4
 35035 | Swamp:4  | 35035 ||| PLANNING SWAMP:1-3
 35043 | Swamp:3  | 35043 ||| PLANNING SWAMP:4
 35045 | Swamp:4  | 35045 ||| PLANNING SWAMP:1-3
 35045 | Swamp:4  | 35045 ||| Stepping randomly (stuck).
 35049 | Swamp:3  | 35049 ||| PLANNING SWAMP:4
 35054 | Swamp:4  | 35054 ||| PLANNING SWAMP:1-3
 35061 | Swamp:3  | 35061 ||| PLANNING SWAMP:4
 35063 | Swamp:4  | 35063 ||| PLANNING SWAMP:1-3
 35063 | Swamp:4  | 35063 ||| Stepping randomly (stuck).
 35067 | Swamp:3  | 35067 ||| PLANNING SWAMP:4
 35074 | Swamp:4  | 35074 ||| PLANNING SWAMP:1-3
 35083 | Swamp:3  | 35083 ||| PLANNING SWAMP:4
 35085 | Swamp:4  | 35085 ||| PLANNING SWAMP:1-3
 35085 | Swamp:4  | 35085 ||| Stepping randomly (stuck).
 35089 | Swamp:3  | 35089 ||| PLANNING SWAMP:4
 35094 | Swamp:4  | 35094 ||| PLANNING SWAMP:1-3
 35101 | Swamp:3  | 35101 ||| PLANNING SWAMP:4
 35103 | Swamp:4  | 35103 ||| PLANNING SWAMP:1-3
 35103 | Swamp:4  | 35103 ||| Stepping randomly (stuck).
 35107 | Swamp:3  | 35107 ||| PLANNING SWAMP:4
 35112 | Swamp:4  | 35112 ||| PLANNING SWAMP:1-3
 35119 | Swamp:3  | 35119 ||| PLANNING SWAMP:4
 35121 | Swamp:4  | 35121 ||| PLANNING SWAMP:1-3
 35121 | Swamp:4  | 35121 ||| Stepping randomly (stuck).
 35125 | Swamp:3  | 35125 ||| PLANNING SWAMP:4
 35133 | Swamp:4  | 35133 ||| PLANNING SWAMP:1-3
 35143 | Swamp:3  | 35143 ||| PLANNING SWAMP:4
 35145 | Swamp:4  | 35145 ||| PLANNING SWAMP:1-3
 35145 | Swamp:4  | 35145 ||| Stepping randomly (stuck).
 35149 | Swamp:3  | 35149 ||| PLANNING SWAMP:4
 35157 | Swamp:4  | 35157 ||| PLANNING SWAMP:1-3
 35167 | Swamp:3  | 35167 ||| PLANNING SWAMP:4
 35169 | Swamp:4  | 35169 ||| PLANNING SWAMP:1-3
 35169 | Swamp:4  | 35169 ||| Stepping randomly (stuck).
 35173 | Swamp:3  | 35173 ||| PLANNING SWAMP:4
 35184 | Swamp:4  | 35184 ||| PLANNING SWAMP:1-3
 35197 | Swamp:3  | 35197 ||| PLANNING SWAMP:4
 35199 | Swamp:4  | 35199 ||| PLANNING SWAMP:1-3
 35199 | Swamp:4  | 35199 ||| Stepping randomly (stuck).
 35203 | Swamp:3  | 35203 ||| PLANNING SWAMP:4
 35213 | Swamp:4  | 35213 ||| PLANNING SWAMP:1-3
 35225 | Swamp:3  | 35225 ||| PLANNING SWAMP:4
 35227 | Swamp:4  | 35227 ||| PLANNING SWAMP:1-3
 35227 | Swamp:4  | 35227 ||| Stepping randomly (stuck).
 35231 | Swamp:3  | 35231 ||| PLANNING SWAMP:4
 35241 | Swamp:4  | 35241 ||| PLANNING SWAMP:1-3
 35253 | Swamp:3  | 35253 ||| PLANNING SWAMP:4
 35255 | Swamp:4  | 35255 ||| PLANNING SWAMP:1-3
 35255 | Swamp:4  | 35255 ||| Stepping randomly (stuck).
 35259 | Swamp:3  | 35259 ||| PLANNING SWAMP:4
 35264 | Swamp:4  | 35264 ||| PLANNING SWAMP:1-3
 35271 | Swamp:3  | 35271 ||| PLANNING SWAMP:4
 35273 | Swamp:4  | 35273 ||| PLANNING SWAMP:1-3
 35273 | Swamp:4  | 35273 ||| Stepping randomly (stuck).
 35277 | Swamp:3  | 35277 ||| PLANNING SWAMP:4
 35282 | Swamp:4  | 35282 ||| PLANNING SWAMP:1-3
 35289 | Swamp:3  | 35289 ||| PLANNING SWAMP:4
 35291 | Swamp:4  | 35291 ||| PLANNING SWAMP:1-3
 35291 | Swamp:4  | 35291 ||| Stepping randomly (stuck).
 35295 | Swamp:3  | 35295 ||| PLANNING SWAMP:4
 35303 | Swamp:4  | 35303 ||| PLANNING SWAMP:1-3
 35313 | Swamp:3  | 35313 ||| PLANNING SWAMP:4
 35315 | Swamp:4  | 35315 ||| PLANNING SWAMP:1-3
 35315 | Swamp:4  | 35315 ||| Stepping randomly (stuck).
 35319 | Swamp:3  | 35319 ||| PLANNING SWAMP:4
 35324 | Swamp:4  | 35324 ||| PLANNING SWAMP:1-3
 35331 | Swamp:3  | 35331 ||| PLANNING SWAMP:4
 35333 | Swamp:4  | 35333 ||| PLANNING SWAMP:1-3
 35333 | Swamp:4  | 35333 ||| Stepping randomly (stuck).
 35337 | Swamp:3  | 35337 ||| PLANNING SWAMP:4
 35344 | Swamp:4  | 35344 ||| PLANNING SWAMP:1-3
 35353 | Swamp:3  | 35353 ||| PLANNING SWAMP:4
 35355 | Swamp:4  | 35355 ||| PLANNING SWAMP:1-3
 35355 | Swamp:4  | 35355 ||| Stepping randomly (stuck).
 35359 | Swamp:3  | 35359 ||| PLANNING SWAMP:4
 35364 | Swamp:4  | 35364 ||| PLANNING SWAMP:1-3
 35371 | Swamp:3  | 35371 ||| PLANNING SWAMP:4
 35373 | Swamp:4  | 35373 ||| PLANNING SWAMP:1-3
 35373 | Swamp:4  | 35373 ||| Stepping randomly (stuck).
 35377 | Swamp:3  | 35377 ||| PLANNING SWAMP:4
 35382 | Swamp:4  | 35382 ||| PLANNING SWAMP:1-3
 35389 | Swamp:3  | 35389 ||| PLANNING SWAMP:4
 35391 | Swamp:4  | 35391 ||| PLANNING SWAMP:1-3
 35391 | Swamp:4  | 35391 ||| Stepping randomly (stuck).
 35395 | Swamp:3  | 35395 ||| PLANNING SWAMP:4
 35400 | Swamp:4  | 35400 ||| PLANNING SWAMP:1-3
 35407 | Swamp:3  | 35407 ||| PLANNING SWAMP:4
 35409 | Swamp:4  | 35409 ||| PLANNING SWAMP:1-3
 35409 | Swamp:4  | 35409 ||| Stepping randomly (stuck).
 35413 | Swamp:3  | 35413 ||| PLANNING SWAMP:4
 35421 | Swamp:4  | 35421 ||| PLANNING SWAMP:1-3
 35431 | Swamp:3  | 35431 ||| PLANNING SWAMP:4
 35433 | Swamp:4  | 35433 ||| PLANNING SWAMP:1-3
 35433 | Swamp:4  | 35433 ||| Stepping randomly (stuck).
 35437 | Swamp:3  | 35437 ||| PLANNING SWAMP:4
 35445 | Swamp:4  | 35445 ||| PLANNING SWAMP:1-3
 35455 | Swamp:3  | 35455 ||| PLANNING SWAMP:4
 35457 | Swamp:4  | 35457 ||| PLANNING SWAMP:1-3
 35457 | Swamp:4  | 35457 ||| Stepping randomly (stuck).
 35461 | Swamp:3  | 35461 ||| PLANNING SWAMP:4
 35466 | Swamp:4  | 35466 ||| PLANNING SWAMP:1-3
 35466 | Swamp:4  | 35466 ||| Stepping randomly (stuck).
 35471 | Swamp:3  | 35471 ||| PLANNING SWAMP:4
 35477 | Swamp:4  | 35477 ||| PLANNING SWAMP:1-3
 35485 | Swamp:3  | 35485 ||| PLANNING SWAMP:4
 35487 | Swamp:4  | 35487 ||| PLANNING SWAMP:1-3
 35487 | Swamp:4  | 35487 ||| Stepping randomly (stuck).
 35491 | Swamp:3  | 35491 ||| PLANNING SWAMP:4
 35496 | Swamp:4  | 35496 ||| PLANNING SWAMP:1-3
 35503 | Swamp:3  | 35503 ||| PLANNING SWAMP:4
 35505 | Swamp:4  | 35505 ||| PLANNING SWAMP:1-3
 35505 | Swamp:4  | 35505 ||| Stepping randomly (stuck).
 35509 | Swamp:3  | 35509 ||| PLANNING SWAMP:4
 35517 | Swamp:4  | 35517 ||| PLANNING SWAMP:1-3
 35527 | Swamp:3  | 35527 ||| PLANNING SWAMP:4
 35529 | Swamp:4  | 35529 ||| PLANNING SWAMP:1-3
 35529 | Swamp:4  | 35529 ||| Stepping randomly (stuck).
 35533 | Swamp:3  | 35533 ||| PLANNING SWAMP:4
 35539 | Swamp:4  | 35539 ||| PLANNING SWAMP:1-3
 35547 | Swamp:3  | 35547 ||| PLANNING SWAMP:4
 35549 | Swamp:4  | 35549 ||| PLANNING SWAMP:1-3
 35549 | Swamp:4  | 35549 ||| Stepping randomly (stuck).
 35553 | Swamp:3  | 35553 ||| PLANNING SWAMP:4
 35558 | Swamp:4  | 35558 ||| PLANNING SWAMP:1-3
 35565 | Swamp:3  | 35565 ||| PLANNING SWAMP:4
 35567 | Swamp:4  | 35567 ||| PLANNING SWAMP:1-3
 35567 | Swamp:4  | 35567 ||| Stepping randomly (stuck).
 35571 | Swamp:3  | 35571 ||| PLANNING SWAMP:4
 35579 | Swamp:4  | 35579 ||| PLANNING SWAMP:1-3
 35589 | Swamp:3  | 35589 ||| PLANNING SWAMP:4
 35591 | Swamp:4  | 35591 ||| PLANNING SWAMP:1-3
 35591 | Swamp:4  | 35591 ||| Stepping randomly (stuck).
 35595 | Swamp:3  | 35595 ||| PLANNING SWAMP:4
 35607 | Swamp:4  | 35607 ||| Stepping ~*~*~tactically~*~*~ (cloud).
 35608 | Swamp:4  | 35608 ||| PLANNING SWAMP:1-3
 35620 | Swamp:3  | 35620 ||| PLANNING SWAMP:4
 35622 | Swamp:4  | 35622 ||| PLANNING SWAMP:1-3
 35622 | Swamp:4  | 35622 ||| Stepping randomly (stuck).
 35626 | Swamp:3  | 35626 ||| PLANNING SWAMP:4
 35637 | Swamp:4  | 35637 ||| PLANNING SWAMP:1-3
 35650 | Swamp:3  | 35650 ||| PLANNING SWAMP:4
 35652 | Swamp:4  | 35652 ||| PLANNING SWAMP:1-3
 35652 | Swamp:4  | 35652 ||| Stepping randomly (stuck).
 35656 | Swamp:3  | 35656 ||| PLANNING SWAMP:4
 35661 | Swamp:4  | 35661 ||| PLANNING SWAMP:1-3
 35668 | Swamp:3  | 35668 ||| PLANNING SWAMP:4
 35670 | Swamp:4  | 35670 ||| PLANNING SWAMP:1-3
 35670 | Swamp:4  | 35670 ||| Stepping randomly (stuck).
 35674 | Swamp:3  | 35674 ||| PLANNING SWAMP:4
 35679 | Swamp:4  | 35679 ||| PLANNING SWAMP:1-3
 35686 | Swamp:3  | 35686 ||| PLANNING SWAMP:4
 35688 | Swamp:4  | 35688 ||| PLANNING SWAMP:1-3
 35688 | Swamp:4  | 35688 ||| Stepping randomly (stuck).
 35692 | Swamp:3  | 35692 ||| PLANNING SWAMP:4
 35696 | Swamp:4  | 35696 ||| PLANNING SWAMP:1-3
 35702 | Swamp:3  | 35702 ||| PLANNING SWAMP:4
 35704 | Swamp:4  | 35704 ||| PLANNING SWAMP:1-3
 35704 | Swamp:4  | 35704 ||| Stepping randomly (stuck).
 35708 | Swamp:3  | 35708 ||| PLANNING SWAMP:4
 35722 | Swamp:4  | 35722 ||| Stepping ~*~*~tactically~*~*~ (hiding).
 35726 | Swamp:4  | 35726 ||| PLANNING SWAMP:1-3
 35748 | Swamp:3  | 35748 ||| PLANNING SWAMP:4
 35750 | Swamp:4  | 35750 ||| PLANNING SWAMP:1-3
 35750 | Swamp:4  | 35750 ||| Stepping randomly (stuck).
 35754 | Swamp:3  | 35754 ||| PLANNING SWAMP:4
 35762 | Swamp:4  | 35762 ||| PLANNING SWAMP:1-3
 35777 | Swamp:3  | 35777 ||| PLANNING SWAMP:4
 35779 | Swamp:4  | 35779 ||| PLANNING SWAMP:1-3
 35779 | Swamp:4  | 35779 ||| Stepping randomly (stuck).
 35783 | Swamp:3  | 35783 ||| PLANNING SWAMP:4
 35793 | Swamp:4  | 35793 ||| PLANNING SWAMP:1-3
 35802 | Swamp:3  | 35802 ||| PLANNING SWAMP:4
 35804 | Swamp:4  | 35804 ||| PLANNING SWAMP:1-3
 35804 | Swamp:4  | 35804 ||| Stepping randomly (stuck).
 35808 | Swamp:3  | 35808 ||| PLANNING SWAMP:4
 35816 | Swamp:4  | 35816 ||| PLANNING SWAMP:1-3
 35826 | Swamp:3  | 35826 ||| PLANNING SWAMP:4
 35828 | Swamp:4  | 35828 ||| PLANNING SWAMP:1-3
 35828 | Swamp:4  | 35828 ||| Stepping randomly (stuck).
 35832 | Swamp:3  | 35832 ||| PLANNING SWAMP:4
 35843 | Swamp:4  | 35843 ||| PLANNING SWAMP:1-3
 35844 | Swamp:4  | 35844 ||| Stepping randomly (Swamp:4).
 35845 | Swamp:4  | 35845 ||| Stepping ~*~*~tactically~*~*~ (cloud).
 35856 | Swamp:3  | 35856 ||| PLANNING SWAMP:4
 35858 | Swamp:4  | 35858 ||| PLANNING SWAMP:1-3
 35858 | Swamp:4  | 35858 ||| Stepping randomly (stuck).
 35862 | Swamp:3  | 35862 ||| PLANNING SWAMP:4
 35873 | Swamp:4  | 35873 ||| PLANNING SWAMP:1-3
 35886 | Swamp:3  | 35886 ||| PLANNING SWAMP:4
 35888 | Swamp:4  | 35888 ||| PLANNING SWAMP:1-3
 35888 | Swamp:4  | 35888 ||| Stepping randomly (stuck).
 35892 | Swamp:3  | 35892 ||| PLANNING SWAMP:4
 35896 | Swamp:4  | 35896 ||| PLANNING SWAMP:1-3
 35902 | Swamp:3  | 35902 ||| PLANNING SWAMP:4
 35904 | Swamp:4  | 35904 ||| PLANNING SWAMP:1-3
 35904 | Swamp:4  | 35904 ||| Stepping randomly (stuck).
 35908 | Swamp:3  | 35908 ||| PLANNING SWAMP:4
 35920 | Swamp:4  | 35920 ||| PLANNING SWAMP:1-3
 35929 | Swamp:3  | 35929 ||| PLANNING SWAMP:4
 35931 | Swamp:4  | 35931 ||| PLANNING SWAMP:1-3
 35931 | Swamp:4  | 35931 ||| Stepping randomly (stuck).
 35935 | Swamp:3  | 35935 ||| PLANNING SWAMP:4
 35940 | Swamp:4  | 35940 ||| PLANNING SWAMP:1-3
 35947 | Swamp:3  | 35947 ||| PLANNING SWAMP:4
 35949 | Swamp:4  | 35949 ||| PLANNING SWAMP:1-3
 35949 | Swamp:4  | 35949 ||| Stepping randomly (stuck).
 35953 | Swamp:3  | 35953 ||| PLANNING SWAMP:4
 35960 | Swamp:4  | 35960 ||| PLANNING SWAMP:1-3
 35969 | Swamp:3  | 35969 ||| PLANNING SWAMP:4
 35974 | Swamp:4  | 35974 ||| PLANNING SWAMP:1-3
 35981 | Swamp:3  | 35981 ||| PLANNING SWAMP:4
 35983 | Swamp:4  | 35983 ||| PLANNING SWAMP:1-3
 35983 | Swamp:4  | 35983 ||| Stepping randomly (stuck).
 35987 | Swamp:3  | 35987 ||| PLANNING SWAMP:4
 35996 | Swamp:4  | 35996 ||| PLANNING SWAMP:1-3
 36007 | Swamp:3  | 36007 ||| PLANNING SWAMP:4
 36009 | Swamp:4  | 36009 ||| PLANNING SWAMP:1-3
 36009 | Swamp:4  | 36009 ||| Stepping randomly (stuck).
 36013 | Swamp:3  | 36013 ||| PLANNING SWAMP:4
 36021 | Swamp:4  | 36021 ||| PLANNING SWAMP:1-3
 36031 | Swamp:3  | 36031 ||| PLANNING SWAMP:4
 36033 | Swamp:4  | 36033 ||| PLANNING SWAMP:1-3
 36033 | Swamp:4  | 36033 ||| Stepping randomly (stuck).
 36037 | Swamp:3  | 36037 ||| PLANNING SWAMP:4
 36050 | Swamp:4  | 36050 ||| Stepping ~*~*~tactically~*~*~ (cloud).
 36053 | Swamp:4  | 36053 ||| Stepping ~*~*~tactically~*~*~ (cloud).
 36068 | Swamp:4  | 36068 ||| Stepping ~*~*~tactically~*~*~ (stealth).
 36076 | Swamp:4  | 36076 ||| Stepping ~*~*~tactically~*~*~ (hiding).
 36079 | Swamp:4  | 36079 ||| INVOKING Heroism.
 36085 | Swamp:4  | 36085 ||| Stepping ~*~*~tactically~*~*~ (hiding).
 36088 | Swamp:4  | 36088 ||| Stepping ~*~*~tactically~*~*~ (hiding).
 36113 | Swamp:4  | 36113 ||| PLANNING SWAMP:1-3
 36181 | Swamp:3  | 36181 ||| PLANNING SWAMP:4
 36183 | Swamp:4  | 36183 ||| PLANNING SWAMP:1-3
 36183 | Swamp:4  | 36183 ||| Stepping randomly (stuck).
 36187 | Swamp:3  | 36187 ||| PLANNING SWAMP:4
 36198 | Swamp:4  | 36198 ||| PLANNING SWAMP:1-3
 36211 | Swamp:3  | 36211 ||| PLANNING SWAMP:4
 36213 | Swamp:4  | 36213 ||| PLANNING SWAMP:1-3
 36213 | Swamp:4  | 36213 ||| Stepping randomly (stuck).
 36217 | Swamp:3  | 36217 ||| PLANNING SWAMP:4
 36229 | Swamp:4  | 36229 ||| PLANNING SWAMP:1-3
 36243 | Swamp:3  | 36243 ||| PLANNING SWAMP:4
 36245 | Swamp:4  | 36245 ||| PLANNING SWAMP:1-3
 36245 | Swamp:4  | 36245 ||| Stepping randomly (stuck).
 36249 | Swamp:3  | 36249 ||| PLANNING SWAMP:4
 36254 | Swamp:4  | 36254 ||| PLANNING SWAMP:1-3
 36261 | Swamp:3  | 36261 ||| PLANNING SWAMP:4
 36263 | Swamp:4  | 36263 ||| PLANNING SWAMP:1-3
 36263 | Swamp:4  | 36263 ||| Stepping randomly (stuck).
 36267 | Swamp:3  | 36267 ||| PLANNING SWAMP:4
 36272 | Swamp:4  | 36272 ||| PLANNING SWAMP:1-3
 36279 | Swamp:3  | 36279 ||| PLANNING SWAMP:4
 36281 | Swamp:4  | 36281 ||| PLANNING SWAMP:1-3
 36281 | Swamp:4  | 36281 ||| Stepping randomly (stuck).
 36285 | Swamp:3  | 36285 ||| PLANNING SWAMP:4
 36290 | Swamp:4  | 36290 ||| PLANNING SWAMP:1-3
 36290 | Swamp:4  | 36290 ||| Stepping randomly (stuck).
 36297 | Swamp:3  | 36297 ||| PLANNING SWAMP:4
 36299 | Swamp:4  | 36299 ||| PLANNING SWAMP:1-3
 36299 | Swamp:4  | 36299 ||| Stepping randomly (stuck).
 36303 | Swamp:3  | 36303 ||| PLANNING SWAMP:4
 36317 | Swamp:4  | 36317 ||| Stepping ~*~*~tactically~*~*~ (cloud).
 36318 | Swamp:4  | 36318 ||| Stepping ~*~*~tactically~*~*~ (cloud).
 36319 | Swamp:4  | 36319 ||| PLANNING SWAMP:1-3
 36320 | Swamp:4  | 36320 ||| Stepping randomly (Swamp:4).
 36321 | Swamp:4  | 36321 ||| Stepping ~*~*~tactically~*~*~ (cloud).
 36333 | Swamp:3  | 36333 ||| PLANNING SWAMP:4
 36335 | Swamp:4  | 36335 ||| PLANNING SWAMP:1-3
 36335 | Swamp:4  | 36335 ||| Stepping randomly (stuck).
 36339 | Swamp:3  | 36339 ||| PLANNING SWAMP:4
 36353 | Swamp:4  | 36353 ||| Stepping ~*~*~tactically~*~*~ (cloud).
 36373 | Swamp:4  | 36373 ||| Stepping ~*~*~tactically~*~*~ (cloud).
 36380 | Swamp:4  | 36380 ||| Stepping ~*~*~tactically~*~*~ (cloud).
 36381 | Swamp:4  | 36381 ||| PLANNING SWAMP:1-3
 36383 | Swamp:4  | 36383 ||| Stepping ~*~*~tactically~*~*~ (cloud).
 36405 | Swamp:4  | 36405 ||| Stepping ~*~*~tactically~*~*~ (cloud).
 36469 | Swamp:4  | 36469 ||| Stepping ~*~*~tactically~*~*~ (cloud).
 36472 | Swamp:4  | 36472 ||| Stepping ~*~*~tactically~*~*~ (cloud).
 36508 | Swamp:3  | 36508 ||| PLANNING SWAMP:4
 36510 | Swamp:4  | 36510 ||| PLANNING SWAMP:1-3
 36510 | Swamp:4  | 36510 ||| Stepping randomly (stuck).
 36514 | Swamp:3  | 36514 ||| PLANNING SWAMP:4
 36521 | Swamp:4  | 36521 ||| PLANNING SWAMP:1-3
 36530 | Swamp:3  | 36530 ||| PLANNING SWAMP:4
 36532 | Swamp:4  | 36532 ||| PLANNING SWAMP:1-3
 36532 | Swamp:4  | 36532 ||| Stepping randomly (stuck).
 36536 | Swamp:3  | 36536 ||| PLANNING SWAMP:4
 36541 | Swamp:4  | 36541 ||| PLANNING SWAMP:1-3
 36548 | Swamp:3  | 36548 ||| PLANNING SWAMP:4
 36550 | Swamp:4  | 36550 ||| PLANNING SWAMP:1-3
 36550 | Swamp:4  | 36550 ||| Stepping randomly (stuck).
 36554 | Swamp:3  | 36554 ||| PLANNING SWAMP:4
 36559 | Swamp:4  | 36559 ||| PLANNING SWAMP:1-3
 36566 | Swamp:3  | 36566 ||| PLANNING SWAMP:4
 36568 | Swamp:4  | 36568 ||| PLANNING SWAMP:1-3
 36568 | Swamp:4  | 36568 ||| Stepping randomly (stuck).
 36572 | Swamp:3  | 36572 ||| PLANNING SWAMP:4
 36579 | Swamp:4  | 36579 ||| PLANNING SWAMP:1-3
 36588 | Swamp:3  | 36588 ||| PLANNING SWAMP:4
 36590 | Swamp:4  | 36590 ||| PLANNING SWAMP:1-3
 36590 | Swamp:4  | 36590 ||| Stepping randomly (stuck).
 36594 | Swamp:3  | 36594 ||| PLANNING SWAMP:4
 36599 | Swamp:4  | 36599 ||| PLANNING SWAMP:1-3
 36606 | Swamp:3  | 36606 ||| PLANNING SWAMP:4
 36608 | Swamp:4  | 36608 ||| PLANNING SWAMP:1-3
 36608 | Swamp:4  | 36608 ||| Stepping randomly (stuck).
 36612 | Swamp:3  | 36612 ||| PLANNING SWAMP:4
 36618 | Swamp:4  | 36618 ||| PLANNING SWAMP:1-3
 36626 | Swamp:3  | 36626 ||| PLANNING SWAMP:4
 36628 | Swamp:4  | 36628 ||| PLANNING SWAMP:1-3
 36628 | Swamp:4  | 36628 ||| Stepping randomly (stuck).
 36632 | Swamp:3  | 36632 ||| PLANNING SWAMP:4
 36642 | Swamp:4  | 36642 ||| PLANNING SWAMP:1-3
 36654 | Swamp:3  | 36654 ||| PLANNING SWAMP:4
 36656 | Swamp:4  | 36656 ||| PLANNING SWAMP:1-3
 36656 | Swamp:4  | 36656 ||| Stepping randomly (stuck).
 36660 | Swamp:3  | 36660 ||| PLANNING SWAMP:4
 36671 | Swamp:4  | 36671 ||| PLANNING SWAMP:1-3
 36684 | Swamp:3  | 36684 ||| PLANNING SWAMP:4
 36686 | Swamp:4  | 36686 ||| PLANNING SWAMP:1-3
 36686 | Swamp:4  | 36686 ||| Stepping randomly (stuck).
 36690 | Swamp:3  | 36690 ||| PLANNING SWAMP:4
 36700 | Swamp:4  | 36700 ||| PLANNING SWAMP:1-3
 36712 | Swamp:3  | 36712 ||| PLANNING SWAMP:4
 36714 | Swamp:4  | 36714 ||| PLANNING SWAMP:1-3
 36714 | Swamp:4  | 36714 ||| Stepping randomly (stuck).
 36718 | Swamp:3  | 36718 ||| PLANNING SWAMP:4
 36723 | Swamp:4  | 36723 ||| PLANNING SWAMP:1-3
 36730 | Swamp:3  | 36730 ||| PLANNING SWAMP:4
 36732 | Swamp:4  | 36732 ||| PLANNING SWAMP:1-3
 36732 | Swamp:4  | 36732 ||| Stepping randomly (stuck).
 36736 | Swamp:3  | 36736 ||| PLANNING SWAMP:4
 36746 | Swamp:4  | 36746 ||| PLANNING SWAMP:1-3
 36758 | Swamp:3  | 36758 ||| PLANNING SWAMP:4
 36760 | Swamp:4  | 36760 ||| PLANNING SWAMP:1-3
 36760 | Swamp:4  | 36760 ||| Stepping randomly (stuck).
 36764 | Swamp:3  | 36764 ||| PLANNING SWAMP:4
 36773 | Swamp:4  | 36773 ||| PLANNING SWAMP:1-3
 36784 | Swamp:3  | 36784 ||| PLANNING SWAMP:4
 36786 | Swamp:4  | 36786 ||| PLANNING SWAMP:1-3
 36786 | Swamp:4  | 36786 ||| Stepping randomly (stuck).
 36790 | Swamp:3  | 36790 ||| PLANNING SWAMP:4
 36801 | Swamp:4  | 36801 ||| PLANNING SWAMP:1-3
 36814 | Swamp:3  | 36814 ||| PLANNING SWAMP:4
 36816 | Swamp:4  | 36816 ||| PLANNING SWAMP:1-3
 36816 | Swamp:4  | 36816 ||| Stepping randomly (stuck).
 36820 | Swamp:3  | 36820 ||| PLANNING SWAMP:4
 36825 | Swamp:4  | 36825 ||| PLANNING SWAMP:1-3
 36832 | Swamp:3  | 36832 ||| PLANNING SWAMP:4
 36834 | Swamp:4  | 36834 ||| PLANNING SWAMP:1-3
 36834 | Swamp:4  | 36834 ||| Stepping randomly (stuck).
 36838 | Swamp:3  | 36838 ||| PLANNING SWAMP:4
 36843 | Swamp:4  | 36843 ||| PLANNING SWAMP:1-3
 36850 | Swamp:3  | 36850 ||| PLANNING SWAMP:4
 36852 | Swamp:4  | 36852 ||| PLANNING SWAMP:1-3
 36852 | Swamp:4  | 36852 ||| Stepping randomly (stuck).
 36856 | Swamp:3  | 36856 ||| PLANNING SWAMP:4
 36861 | Swamp:4  | 36861 ||| PLANNING SWAMP:1-3
 36868 | Swamp:3  | 36868 ||| PLANNING SWAMP:4
 36870 | Swamp:4  | 36870 ||| PLANNING SWAMP:1-3
 36870 | Swamp:4  | 36870 ||| Stepping randomly (stuck).
 36874 | Swamp:3  | 36874 ||| PLANNING SWAMP:4
 36883 | Swamp:4  | 36883 ||| PLANNING SWAMP:1-3
 36894 | Swamp:3  | 36894 ||| PLANNING SWAMP:4
 36896 | Swamp:4  | 36896 ||| PLANNING SWAMP:1-3
 36896 | Swamp:4  | 36896 ||| Stepping randomly (stuck).
 36900 | Swamp:3  | 36900 ||| PLANNING SWAMP:4
 36906 | Swamp:4  | 36906 ||| PLANNING SWAMP:1-3
 36914 | Swamp:3  | 36914 ||| PLANNING SWAMP:4
 36921 | Swamp:4  | 36921 ||| PLANNING SWAMP:1-3
 36930 | Swamp:3  | 36930 ||| PLANNING SWAMP:4
 36932 | Swamp:4  | 36932 ||| PLANNING SWAMP:1-3
 36932 | Swamp:4  | 36932 ||| Stepping randomly (stuck).
 36936 | Swamp:3  | 36936 ||| PLANNING SWAMP:4
 36941 | Swamp:4  | 36941 ||| PLANNING SWAMP:1-3
 36948 | Swamp:3  | 36948 ||| PLANNING SWAMP:4
 36950 | Swamp:4  | 36950 ||| PLANNING SWAMP:1-3
 36950 | Swamp:4  | 36950 ||| Stepping randomly (stuck).
 36954 | Swamp:3  | 36954 ||| PLANNING SWAMP:4
 36959 | Swamp:4  | 36959 ||| PLANNING SWAMP:1-3
 36966 | Swamp:3  | 36966 ||| PLANNING SWAMP:4
 36968 | Swamp:4  | 36968 ||| PLANNING SWAMP:1-3
 36968 | Swamp:4  | 36968 ||| Stepping randomly (stuck).
 36972 | Swamp:3  | 36972 ||| PLANNING SWAMP:4
 36980 | Swamp:4  | 36980 ||| PLANNING SWAMP:1-3
 36990 | Swamp:3  | 36990 ||| PLANNING SWAMP:4
 36992 | Swamp:4  | 36992 ||| PLANNING SWAMP:1-3
 36992 | Swamp:4  | 36992 ||| Stepping randomly (stuck).
 36996 | Swamp:3  | 36996 ||| PLANNING SWAMP:4
 37001 | Swamp:4  | 37001 ||| PLANNING SWAMP:1-3
 37008 | Swamp:3  | 37008 ||| PLANNING SWAMP:4
 37010 | Swamp:4  | 37010 ||| PLANNING SWAMP:1-3
 37010 | Swamp:4  | 37010 ||| Stepping randomly (stuck).
 37014 | Swamp:3  | 37014 ||| PLANNING SWAMP:4
 37018 | Swamp:4  | 37018 ||| PLANNING SWAMP:1-3
 37024 | Swamp:3  | 37024 ||| PLANNING SWAMP:4
 37026 | Swamp:4  | 37026 ||| PLANNING SWAMP:1-3
 37026 | Swamp:4  | 37026 ||| Stepping randomly (stuck).
 37030 | Swamp:3  | 37030 ||| PLANNING SWAMP:4
 37041 | Swamp:4  | 37041 ||| PLANNING SWAMP:1-3
 37053 | Swamp:3  | 37053 ||| PLANNING SWAMP:4
 37055 | Swamp:4  | 37055 ||| PLANNING SWAMP:1-3
 37055 | Swamp:4  | 37055 ||| Stepping randomly (stuck).
 37059 | Swamp:3  | 37059 ||| PLANNING SWAMP:4
 37064 | Swamp:4  | 37064 ||| PLANNING SWAMP:1-3
 37071 | Swamp:3  | 37071 ||| PLANNING SWAMP:4
 37073 | Swamp:4  | 37073 ||| PLANNING SWAMP:1-3
 37073 | Swamp:4  | 37073 ||| Stepping randomly (stuck).
 37077 | Swamp:3  | 37077 ||| PLANNING SWAMP:4
 37082 | Swamp:4  | 37082 ||| PLANNING SWAMP:1-3
 37089 | Swamp:3  | 37089 ||| PLANNING SWAMP:4
 37091 | Swamp:4  | 37091 ||| PLANNING SWAMP:1-3
 37091 | Swamp:4  | 37091 ||| Stepping randomly (stuck).
 37095 | Swamp:3  | 37095 ||| PLANNING SWAMP:4
 37101 | Swamp:4  | 37101 ||| PLANNING SWAMP:1-3
 37109 | Swamp:3  | 37109 ||| PLANNING SWAMP:4
 37111 | Swamp:4  | 37111 ||| PLANNING SWAMP:1-3
 37111 | Swamp:4  | 37111 ||| Stepping randomly (stuck).
 37115 | Swamp:3  | 37115 ||| PLANNING SWAMP:4
 37123 | Swamp:4  | 37123 ||| PLANNING SWAMP:1-3
 37133 | Swamp:3  | 37133 ||| PLANNING SWAMP:4
 37135 | Swamp:4  | 37135 ||| PLANNING SWAMP:1-3
 37135 | Swamp:4  | 37135 ||| Stepping randomly (stuck).
 37139 | Swamp:3  | 37139 ||| PLANNING SWAMP:4
 37148 | Swamp:4  | 37148 ||| PLANNING SWAMP:1-3
 37159 | Swamp:3  | 37159 ||| PLANNING SWAMP:4
 37161 | Swamp:4  | 37161 ||| PLANNING SWAMP:1-3
 37161 | Swamp:4  | 37161 ||| Stepping randomly (stuck).
 37165 | Swamp:3  | 37165 ||| PLANNING SWAMP:4
 37169 | Swamp:4  | 37169 ||| PLANNING SWAMP:1-3
 37175 | Swamp:3  | 37175 ||| PLANNING SWAMP:4
 37177 | Swamp:4  | 37177 ||| PLANNING SWAMP:1-3
 37177 | Swamp:4  | 37177 ||| Stepping randomly (stuck).
 37181 | Swamp:3  | 37181 ||| PLANNING SWAMP:4
 37186 | Swamp:4  | 37186 ||| PLANNING SWAMP:1-3
 37193 | Swamp:3  | 37193 ||| PLANNING SWAMP:4
 37195 | Swamp:4  | 37195 ||| PLANNING SWAMP:1-3
 37195 | Swamp:4  | 37195 ||| Stepping randomly (stuck).
 37199 | Swamp:3  | 37199 ||| PLANNING SWAMP:4
 37206 | Swamp:4  | 37206 ||| PLANNING SWAMP:1-3
 37215 | Swamp:3  | 37215 ||| PLANNING SWAMP:4
 37217 | Swamp:4  | 37217 ||| PLANNING SWAMP:1-3
 37217 | Swamp:4  | 37217 ||| Stepping randomly (stuck).
 37221 | Swamp:3  | 37221 ||| PLANNING SWAMP:4
 37226 | Swamp:4  | 37226 ||| PLANNING SWAMP:1-3
 37233 | Swamp:3  | 37233 ||| PLANNING SWAMP:4
 37235 | Swamp:4  | 37235 ||| PLANNING SWAMP:1-3
 37235 | Swamp:4  | 37235 ||| Stepping randomly (stuck).
 37239 | Swamp:3  | 37239 ||| PLANNING SWAMP:4
 37245 | Swamp:4  | 37245 ||| PLANNING SWAMP:1-3
 37253 | Swamp:3  | 37253 ||| PLANNING SWAMP:4
 37255 | Swamp:4  | 37255 ||| PLANNING SWAMP:1-3
 37255 | Swamp:4  | 37255 ||| Stepping randomly (stuck).
 37259 | Swamp:3  | 37259 ||| PLANNING SWAMP:4
 37268 | Swamp:4  | 37268 ||| PLANNING SWAMP:1-3
 37279 | Swamp:3  | 37279 ||| PLANNING SWAMP:4
 37281 | Swamp:4  | 37281 ||| PLANNING SWAMP:1-3
 37281 | Swamp:4  | 37281 ||| Stepping randomly (stuck).
 37285 | Swamp:3  | 37285 ||| PLANNING SWAMP:4
 37291 | Swamp:4  | 37291 ||| PLANNING SWAMP:1-3
 37299 | Swamp:3  | 37299 ||| PLANNING SWAMP:4
 37301 | Swamp:4  | 37301 ||| PLANNING SWAMP:1-3
 37301 | Swamp:4  | 37301 ||| Stepping randomly (stuck).
 37305 | Swamp:3  | 37305 ||| PLANNING SWAMP:4
 37310 | Swamp:4  | 37310 ||| PLANNING SWAMP:1-3
 37317 | Swamp:3  | 37317 ||| PLANNING SWAMP:4
 37319 | Swamp:4  | 37319 ||| PLANNING SWAMP:1-3
 37319 | Swamp:4  | 37319 ||| Stepping randomly (stuck).
 37323 | Swamp:3  | 37323 ||| PLANNING SWAMP:4
 37336 | Swamp:4  | 37336 ||| Stepping ~*~*~tactically~*~*~ (cloud).
 37364 | Swamp:4  | 37364 ||| Stepping ~*~*~tactically~*~*~ (cloud).
 37371 | Swamp:4  | Got a decaying rune of Zot
 37372 | Swamp:4  | 37372 ||| PLANNING DEPTHS
 37388 | Swamp:4  | 37388 ||| Stepping ~*~*~tactically~*~*~ (cloud).
 37389 | Swamp:4  | 37389 ||| Stepping ~*~*~tactically~*~*~ (cloud).
 37399 | Swamp:4  | 37399 ||| Stepping ~*~*~tactically~*~*~ (cloud).
 37411 | Swamp:4  | 37411 ||| Stepping ~*~*~tactically~*~*~ (cloud).
 37412 | Swamp:4  | 37412 ||| Stepping ~*~*~tactically~*~*~ (cloud).
 37749 | Depths:1 | Entered Level 1 of the Depths
 37803 | Depths:1 | 37803 ||| INVOKING Heroism.
 37810 | Depths:1 | 37810 ||| Stepping ~*~*~tactically~*~*~ (hiding).
 37868 | Depths:1 | Found a one-way gate leading to the halls of Pandemonium.
 38006 | Depths:1 | 38006 ||| INVOKING Heroism.
 38007 | Depths:1 | 38007 ||| INVOKING Finesse.
 38063 | Depths:1 | 38063 ||| Stepping ~*~*~tactically~*~*~ (stealth).
 38066 | Depths:1 | 38066 ||| Stepping ~*~*~tactically~*~*~ (stealth).
 38085 | Depths:1 | Reached skill level 19 in Armour
 38130 | Depths:1 | 38130 ||| INVOKING Heroism.
 38167 | Depths:1 | 38167 ||| Stepping ~*~*~tactically~*~*~ (hiding).
 38169 | Depths:1 | 38169 ||| Stepping ~*~*~tactically~*~*~ (hiding).
 38175 | Depths:1 | 38175 ||| INVOKING Heroism.
 38177 | Depths:1 | Identified the +2 helmet of Okawaru's Grace {Str+5 Int+4}
                  | (Okawaru gifted it to you on level 1 of the Depths)
 38177 | Depths:1 | Received a gift from Okawaru
 38190 | Depths:1 | Reached XP level 21. HP: 94/144 MP: 28/28
 38205 | Depths:1 | Found a gateway to Hell.
 38211 | Depths:1 | HP: 30/144 [hellion/damnation (24)]
 38212 | Depths:1 | 38212 ||| DRINKING 7 potions of heal wounds.
 38215 | Depths:1 | 38215 ||| INVOKING Heroism.
 38216 | Depths:1 | HP: 18/144 [hellion/damnation (31)]
 38217 | Depths:1 | 38217 ||| DRINKING 6 potions of heal wounds.
 38218 | Depths:1 | 38218 ||| DRINKING 5 potions of heal wounds.
 38342 | Depths:1 | Found a white marble altar of Elyvilon.
 38345 | Depths:1 | 38345 ||| Stepping ~*~*~tactically~*~*~ (stealth).
 38346 | Depths:1 | 38346 ||| INVOKING Heroism.
 38347 | Depths:1 | 38347 ||| Stepping ~*~*~tactically~*~*~ (stealth).
 38351 | Depths:1 | 38351 ||| Stepping ~*~*~tactically~*~*~ (stealth).
 38363 | Depths:1 | 38363 ||| Stepping ~*~*~tactically~*~*~ (stealth).
 38390 | Depths:1 | 38390 ||| Stepping ~*~*~tactically~*~*~ (hiding).
 38394 | Depths:1 | 38394 ||| Stepping ~*~*~tactically~*~*~ (hiding).
 38395 | Depths:1 | 38395 ||| Stepping ~*~*~tactically~*~*~ (hiding).
 38555 | Depths:1 | 38555 ||| INVOKING Heroism.
 38557 | Depths:1 | Noticed the Enchantress
 38558 | Depths:1 | 38558 ||| INVOKING Finesse.
 38594 | Depths:1 | Killed the Enchantress
 38946 | Depths:1 | 38946 ||| INVOKING Heroism.
 38947 | Depths:1 | Found an iron altar of Okawaru.
 38960 | Depths:1 | HP: 28/144 [salamander tyrant/flame surge (14)]
 38961 | Depths:1 | 38961 ||| DRINKING 4 potions of heal wounds.
 38962 | Depths:1 | 38962 ||| DRINKING 3 potions of heal wounds.
 38963 | Depths:1 | 38963 ||| DRINKING 2 potions of heal wounds.
 38964 | Depths:1 | 38964 ||| DRINKING potion of heal wounds.
 38976 | Depths:1 | 38976 ||| INVOKING Heroism.
 38990 | Depths:1 | HP: 35/145 [salamander/+0 trident (7)]
 39601 | Depths:2 | 39601 ||| INVOKING Heroism.
 39602 | Depths:2 | 39602 ||| INVOKING Finesse.
 39669 | Depths:2 | Gained mutation: You have hidden genetic defects. [a
                  | neqoxec]
 39670 | Depths:2 | 39670 ||| Stepping ~*~*~tactically~*~*~ (hiding).
 39672 | Depths:2 | 39672 ||| INVOKING Heroism.
 39756 | Depths:2 | Noticed Nikola
 39757 | Depths:2 | 39757 ||| Stepping ~*~*~tactically~*~*~ (hiding).
 39770 | Depths:2 | 39770 ||| INVOKING Heroism.
 39771 | Depths:2 | Killed Nikola
 39774 | Depths:2 | 39774 ||| FLEEEEING.
 39775 | Depths:2 | 39775 ||| FLEEEEING.
 39776 | Depths:2 | 39776 ||| FLEEEEING.
 39777 | Depths:2 | 39777 ||| FLEEEEING.
 39778 | Depths:2 | 39778 ||| FLEEEEING.
 39787 | Depths:2 | Reached skill level 6 in Dodging
 39793 | Depths:2 | 39793 ||| Stepping ~*~*~tactically~*~*~ (stealth).
 39801 | Depths:2 | 39801 ||| Stepping ~*~*~tactically~*~*~ (hiding).
 39831 | Depths:2 | Received a gift from Okawaru
 39891 | Depths:2 | Identified the amulet of Koll {Harm Regen+ Dex+3}
 39955 | Depths:2 | 39955 ||| Stepping ~*~*~tactically~*~*~ (hiding).
 40006 | Depths:2 | 40006 ||| Stepping ~*~*~tactically~*~*~ (stealth).
 40016 | Depths:2 | 40016 ||| INVOKING Heroism.
 40029 | Depths:2 | 40029 ||| Stepping ~*~*~tactically~*~*~ (stealth).
 40069 | Depths:2 | 40069 ||| Stepping ~*~*~tactically~*~*~ (stealth).
 40092 | Depths:2 | 40092 ||| Stepping ~*~*~tactically~*~*~ (stealth).
 40093 | Depths:2 | 40093 ||| Stepping ~*~*~tactically~*~*~ (stealth).
 40106 | Depths:2 | Noticed a juggernaut
 40107 | Depths:2 | 40107 ||| INVOKING Heroism.
 40108 | Depths:2 | 40108 ||| INVOKING Finesse.
 40124 | Depths:2 | Killed a juggernaut
 40126 | Depths:2 | Noticed a golden dragon
 40129 | Depths:2 | Killed a golden dragon
 40160 | Depths:2 | Gained mutation: You are dopey. (Int -2) [hidden defects]
 40177 | Depths:2 | Noticed a golden dragon
 40178 | Depths:2 | 40178 ||| Stepping ~*~*~tactically~*~*~ (hiding).
 40181 | Depths:2 | 40181 ||| Stepping ~*~*~tactically~*~*~ (stealth).
 40185 | Depths:2 | 40185 ||| INVOKING Heroism.
 40186 | Depths:2 | 40186 ||| INVOKING Finesse.
 40194 | Depths:2 | Killed a golden dragon
 40197 | Depths:2 | 40197 ||| Stepping ~*~*~tactically~*~*~ (hiding).
 40201 | Depths:2 | 40201 ||| Stepping ~*~*~tactically~*~*~ (hiding).
 40202 | Depths:2 | 40202 ||| Stepping ~*~*~tactically~*~*~ (hiding).
 40208 | Depths:2 | Reached skill level 20 in Armour
 40212 | Depths:2 | Received a gift from Okawaru
 40521 | Depths:2 | Found a blossoming altar of Fedhas.
 40530 | Depths:2 | 40530 ||| INVOKING Heroism.
 40624 | Depths:2 | 40624 ||| FLEEEEING.
 40625 | Depths:2 | 40625 ||| FLEEEEING.
 40626 | Depths:2 | 40626 ||| FLEEEEING.
 40658 | Depths:2 | 40658 ||| Stepping ~*~*~tactically~*~*~ (hiding).
 40679 | Depths:2 | 40679 ||| Stepping ~*~*~tactically~*~*~ (stealth).
 40680 | Depths:2 | 40680 ||| Stepping ~*~*~tactically~*~*~ (stealth).
 40697 | Depths:2 | 40697 ||| Stepping ~*~*~tactically~*~*~ (hiding).
 40728 | Depths:2 | 40728 ||| Stepping ~*~*~tactically~*~*~ (stealth).
 40748 | Depths:2 | 40748 ||| Stepping ~*~*~tactically~*~*~ (hiding).
 40774 | Depths:2 | Noticed a caustic shrike
 40776 | Depths:2 | 40776 ||| INVOKING Heroism.
 40777 | Depths:2 | 40777 ||| INVOKING Finesse.
 40785 | Depths:2 | Killed a caustic shrike
 40785 | Depths:2 | Received a gift from Okawaru
 40842 | Depths:2 | 40842 ||| INVOKING Heroism.
 40843 | Depths:2 | 40843 ||| INVOKING Finesse.
 40855 | Depths:2 | Noticed a golden dragon
 40864 | Depths:2 | Killed a golden dragon
 40867 | Depths:2 | 40867 ||| Stepping ~*~*~tactically~*~*~ (stealth).
 40873 | Depths:2 | 40873 ||| Stepping ~*~*~tactically~*~*~ (stealth).
 40881 | Depths:2 | Gained mutation: You occasionally lose the ability to read
                  | scrolls when taking damage. [hidden defects]
 40881 | Depths:2 | Lost mutation: You have hidden genetic defects. [hidden
                  | defects expressed]
 40902 | Depths:2 | 40902 ||| DRINKING 5 potions of mutation.
 40902 | Depths:2 | Lost mutation: You are dopey. (Int -2) [potion of mutation]
 40902 | Depths:2 | Lost mutation: You occasionally lose the ability to read
                  | scrolls when taking damage. [potion of mutation]
 40902 | Depths:2 | Gained mutation: Your muscles are strong. (Str +4, Int/Dex
                  | -1) [potion of mutation]
 40902 | Depths:2 | Gained mutation: You are occasionally teleported next to
                  | monsters. [potion of mutation]
 40902 | Depths:2 | Gained mutation: You are partially covered in iridescent
                  | scales. (AC +2) [potion of mutation]
 40903 | Depths:2 | 40903 ||| DRINKING 4 potions of mutation.
 40903 | Depths:2 | Lost mutation: You are occasionally teleported next to
                  | monsters. [potion of mutation]
 40903 | Depths:2 | Lost mutation: You are partially covered in iridescent
                  | scales. (AC +2) [potion of mutation]
 40903 | Depths:2 | Gained mutation: You are clumsy. (Dex -2) [potion of
                  | mutation]
 40903 | Depths:2 | Gained mutation: You occasionally shout uncontrollably at
                  | your foes. [potion of mutation]
 40903 | Depths:2 | Gained mutation: You are very clumsy. (Dex -4) [potion of
                  | mutation]
 40903 | Depths:2 | Gained mutation: You are somewhat resistant to further
                  | mutation. [potion of mutation]
 40906 | Depths:2 | 40906 ||| Stepping ~*~*~tactically~*~*~ (hiding).
 40910 | Depths:2 | 40910 ||| Stepping ~*~*~tactically~*~*~ (hiding).
 40912 | Depths:2 | 40912 ||| INVOKING Heroism.
 40972 | Depths:2 | Reached XP level 22. HP: 153/153 MP: 29/29
 41069 | Depths:2 | 41069 ||| INVOKING Heroism.
 41070 | Depths:2 | 41070 ||| INVOKING Finesse.
 41071 | Depths:2 | Noticed a juggernaut
 41088 | Depths:2 | Killed a juggernaut
 41088 | Depths:2 | Received a gift from Okawaru
 41184 | Depths:2 | 41184 ||| Stepping ~*~*~tactically~*~*~ (hiding).
 41236 | Depths:2 | 41236 ||| UPGRADING to +2 pair of boots.
 41246 | Depths:2 | 41246 ||| DROPPING +1 pair of boots.
 41247 | Depths:2 | 41247 ||| DROPPING +0 fire dragon scales.
 41248 | Depths:2 | 41248 ||| DROPPING scarf of shadows.
 41249 | Depths:2 | 41249 ||| UPGRADING to +0 gold dragon scales.
 41259 | Depths:2 | 41259 ||| UPGRADING to +2 pair of gloves of strength.
 41269 | Depths:2 | 41269 ||| DROPPING +2 pair of gloves.
 41270 | Depths:2 | 41270 ||| DROPPING amulet of Koll {Harm Regen+ Dex+3}.
 41387 | Depths:3 | Noticed Mennas
 41388 | Depths:3 | 41388 ||| INVOKING Heroism.
 41405 | Depths:3 | 41405 ||| INVOKING Finesse.
 41440 | Depths:3 | Killed Mennas
 41480 | Depths:3 | 41480 ||| INVOKING Heroism.
 41484 | Depths:3 | 41484 ||| INVOKING Finesse.
 41530 | Depths:3 | 41530 ||| Stepping ~*~*~tactically~*~*~ (stealth).
 41532 | Depths:3 | 41532 ||| INVOKING Heroism.
 41533 | Depths:3 | 41533 ||| INVOKING Finesse.
 41534 | Depths:3 | 41534 ||| INVOKING Finesse.
 41584 | Depths:3 | 41584 ||| Stepping ~*~*~tactically~*~*~ (stealth).
 41602 | Depths:3 | 41602 ||| Stepping ~*~*~tactically~*~*~ (hiding).
 41605 | Depths:3 | 41605 ||| INVOKING Heroism.
 41622 | Depths:3 | 41622 ||| Stepping ~*~*~tactically~*~*~ (stealth).
 41631 | Depths:3 | 41631 ||| INVOKING Finesse.
 41632 | Depths:3 | Noticed a juggernaut
 41645 | Depths:3 | Killed a juggernaut
 41645 | Depths:3 | Received a gift from Okawaru
 41648 | Depths:3 | 41648 ||| Stepping ~*~*~tactically~*~*~ (stealth).
 41654 | Depths:3 | 41654 ||| INVOKING Heroism.
 41728 | Depths:3 | 41728 ||| FLEEEEING.
 41735 | Depths:3 | Reached skill level 21 in Armour
 41762 | Depths:3 | 41762 ||| INVOKING Heroism.
 41782 | Depths:3 | Received a gift from Okawaru
 41783 | Depths:3 | 41783 ||| INVOKING Finesse.
 41948 | Depths:3 | 41948 ||| Stepping ~*~*~tactically~*~*~ (stealth).
 42036 | Depths:3 | 42036 ||| INVOKING Heroism.
 42049 | Depths:3 | 42049 ||| INVOKING Finesse.
 42075 | Depths:3 | 42075 ||| INVOKING Heroism.
 42080 | Depths:3 | HP: 23/153 [living spell/iceblast[a walking frostbound
                  | tome] (23)]
 42080 | Depths:3 | Killed from afar by a living spell

Levels and vault maps discovered:
D:1:      dpeg_arrival_windows_large_door, layout_basic,
          shapermc_ecumenical_altar_mp_ritualfount, minmay_curled_crystal
D:2:      layout_basic, hex_tiny, uniq_robin
D:3:      layout_basic, chequers_serial_rivers_large_b, kennysheep_another_room
D:4:      layout_loops_ring, uniq_blork_the_orc
D:5:      layout_cave_pools
D:6:      layout_rooms, enter_ossuary_3, serial_shops, shop
D:7:      layout_loops_ring, grunt_dithmenos_smoke,
          minmay_temple_entry_gardened_gates, serial_shops, nicolae_shop_stone,
          nicolae_shop_competitors_out_of_business,
          nicolae_shop_advertising_works [nicolae_subvault_shop_adworks],
          shop_statue, nicolae_elevator_lobby_asterisk, uniq_crazy_yiuf_cottage,
          uniq_joseph
D:8:      layout_basic, enter_bailey_7, uniq_maurice, uniq_prince_ribbit1
D:9:      layout_small_grid, old_standard_altar, erik_lair_orcish_takeover,
          uniq_grum
D:10:     minmay_cornered_nines, layout_basic, mainiacjoe_overflow_catwalk,
          mainiacjoe_overflow_two_lobes
D:11:     layout_loops_cross, david_orc_5, minivault_26, minivault_10,
          kb_rosetta
D:12:     layout_irregular_city, lightli_church_of_beogh, uniq_josephine
D:13:     layout_roguey, nicolae_ru_great_annihilating_truth
D:14:     layout_grid_maze, erik_vaults_1, minmay_liquid_box, uniq_rupert,
          uniq_roxanne
D:15:     hangedman_depths_entry_civil_slaughter, layout_basic, serial_shops,
          nicolae_shop_stone
Temple:   minmay_crystal_spiral_temple
Lair:1:   layout_hall_layers, basic_altar, eino_small_chamber_without_monster,
          minmay_stone_trees_large, minivault_23, uniq_harold, uniq_fannar
Lair:2:   layout_layer_cave, hellmonk_spider_entry_life_and_decay,
          ebering_ghost_disaster_area, minmay_stone_trees_small,
          wad_woods_river_02, chequers_serial_rivers_micro_d,
          kennysheep_abandoned_house, uniq_sonja
Lair:3:   layout_small_grid, swamp_mist, special_room [special_room_bee]
Lair:4:   layout_loops_ring, gauntlet_entry_generic
Lair:5:   hellmonk_lair_end_abyssal_woods, layout_cave_pods, slime_entry_1,
          gammafunk_ghost_split, serial_bayou_shore_b
Swamp:1:  layout_basic_swamp, evilmike_swamp_ruin_house_2, swamp_pool2,
          grunt_lady_of_the_lake
Swamp:2:  layout_basic_swamp, evilmike_swamp_ruin_house_5, swamp_pool3,
          infiniplex_staircase_pool
Swamp:3:  layout_basic_swamp, nicolae_swamp_triple_paths
Swamp:4:  swamp_icy, layout_basic_swamp, swamp_pool4
Spider:1: nicolae_spider_mines_3, spiders_nest_hornet_nest
Spider:2: nicolae_spider_jumping_over_cracks [nicolae_spider_jumping_sub_narrow,
          nicolae_spider_jumping_sub_lake, nicolae_spider_jumping_sub_notch,
          nicolae_spider_jumping_sub_lanes], nicolae_spider_cling_ruins,
          hive_lemuel
Spider:3: layout_spider_delve, nicolae_spider_baby_got_redback
Spider:4: grunt_spider_rune_parallel, portal_ice_cave_entry_pillars_four,
          uniq_donald, uniq_aizul
Orc:1:    layout_caves, serial_shops, shop, uniq_erica
Orc:2:    st_orc_town, layout_caves, uniq_jorgrun, uniq_snorg
Vaults:1: hellmonk_ghost_big_iron, vaults_room_grid, vaults_mumra_chevron,
          hangedman_vaults_river_flow, dpeg_vaults_monster_box,
          vaults_room_semicircle, grunt_vaults_hallway_short, v_misc_2,
          hangedman_vaults_stream, vaults_room_corners, v_misc_16,
          vaults_room_corners, vaults_room_ringed_pool,
          layout_vaults_maze_bifur, serial_shops, nicolae_diamond_shop,
          enter_trove_3
Vaults:2: v_alt_pattern_6, hangedman_vaults_nodes, nicolae_vaults_quartermaster,
          minmay_crypt_entry_simple_round, grunt_vaults_diagonal,
          hangedman_vaults_corner_blocks, layout_vaults_omnigrid
Vaults:3: nicolae_vaults_c_with_doors, v_alt_pattern_3, ontoclasm_vaults_bender,
          nicolae_vaults_mini_display_case, v_misc_28, v_misc_27,
          v_alt_pattern_5, nicolae_vaults_little_ls,
          vaults_standard_mumra_enter_the_diamond, vaults_dpeg_encased_lava,
          ontoclasm_vaults_loading_screen, layout_vaults_omnicross,
          serial_shops, shop, uniq_frederick, uniq_bai_suzhen
Vaults:4: vaults_mumra_chevron_long, v_misc_33, v_misc_3,
          nicolae_vaults_circle_grid_a, nicolae_vaults_sealed_display,
          vaults_standard_mumra_enter_the_diamond, vaults_room_grid,
          grunt_vaults_funnel, vaults_room_corners, ontoclasm_vaults_idyll,
          vaults_room_semicircle, layout_vaults_chaotic_city, uniq_margery
Depths:1: layout_basic, hellmouth_2, grunt_pan_entry_spiral,
          nicolae_elyvilon_peaceful_grove, roderic_serpentine_path,
          kennysheep_diamond, kilobyte_rumbling_trees, uniq_enchantress
Depths:2: angbandy_vault, layout_basic, rand_demon_pan_entry_8, hell_entry,
          kennysheep_small_circle, uniq_nikola
Depths:3: box_level_dp, pan_entry, hell_entry, abyss_entry, uniq_mennas

Skill      XL: |  1  2  3  4  5  6  7  8  9 10 11 12 13 14 15 16 17 18 19 20 21 22 |
---------------+-------------------------------------------------------------------+-----
Axes           | 2 3 4 5 6 7 9 10 11 12 13 14 15 16 18 | 18.0
Fighting       | 4 5 6 7 8 9 10 11 12 13 15 17 18 19 20 | 20.8
Dodging        | 1 2 3 4 5 6 |  6.0
Armour         | 4 5 8 9 10 11 12 13 14 16 18 19 20 21 | 21.6
Shields        | 4 5 6 7 12 13 14 15 16 17 | 17.9
Invocations    | 1 4 7 10 | 10.0
Throwing       | 3 4 5 6 7 10 11 | 11.0

Action                   |  1- 3 |  4- 6 |  7- 9 | 10-12 | 13-15 | 16-18 | 19-21 | 22-24 || total
-------------------------+-------+-------+-------+-------+-------+-------+-------+-------++-------
Melee: War axe           |    79 |   221 |   209 |       |       |       |       |       ||   509
       Broad axe         |       |       |    82 |   347 |   793 |  1097 |  1263 |   243 ||  3825
       Morningstar       |       |       |       |     4 |       |       |       |       ||     4
Throw: Javelin           |       |       |       |     3 |    96 |    32 |    40 |     5 ||   176
       Boomerang         |       |       |       |       |    59 |   157 |   149 |    10 ||   375
Invok: Heroism           |       |       |     2 |    28 |    41 |    41 |    46 |     9 ||   167
       Finesse           |       |       |       |     3 |     7 |    15 |    13 |     7 ||    45
  Use: Scroll            |     1 |    10 |    11 |     5 |     3 |     6 |    16 |       ||    52
       Potion            |       |     2 |     2 |     2 |       |     4 |    11 |       ||    21
 Stab: Paralysed         |       |       |       |       |     1 |       |       |       ||     1
       Distracted        |       |       |       |       |     1 |       |       |       ||     1
Armor: Scale mail        |    30 |   108 |    91 |       |       |       |       |       ||   229
       Chain mail        |       |       |    65 |    41 |       |       |       |       ||   106
       Plate armour      |       |       |       |   141 |   298 |   534 |   593 |    15 ||  1581
       Gold dragon scale |       |       |       |       |       |       |       |   113 ||   113
Dodge: Dodged            |    28 |   101 |    95 |   119 |   288 |   412 |   441 |    58 ||  1542
Block: Buckler           |    12 |    44 |    32 |    75 |    39 |       |       |       ||   202
       Kite shield       |       |       |       |       |   295 |   668 |   676 |   101 ||  1740

Table legend:
 A = Non-vault XP
 B = Vault XP
 C = Vault XP percentage of total XP
 D = Non-vault monster count
 E = Vault monster count
 F = Vault count percentage of total count
                 A         B        C        D         E       F
            +---------+---------+-------+---------+---------+-------
      Total |  368597 |  286811 |  43.8 |     949 |     569 |  37.5
            +---------+---------+-------+---------+---------+-------
        D:1 |      38 |       0 |   0.0 |      22 |       0 |   0.0
        D:2 |     104 |      34 |  24.6 |      17 |      11 |  39.3
        D:3 |      66 |       0 |   0.0 |      24 |       0 |   0.0
        D:4 |     546 |      90 |  14.2 |      27 |       1 |   3.6
        D:5 |     430 |       0 |   0.0 |       9 |       0 |   0.0
        D:6 |    1184 |      45 |   3.7 |      24 |       1 |   4.0
        D:7 |     341 |     463 |  57.6 |       6 |       2 |  25.0
        D:8 |     675 |     740 |  52.3 |       7 |       6 |  46.2
        D:9 |     959 |    1119 |  53.8 |      24 |      11 |  31.4
       D:10 |    2695 |    2274 |  45.8 |      20 |       3 |  13.0
       D:11 |    3973 |    2636 |  39.9 |      16 |      27 |  62.8
       D:12 |    5950 |    1739 |  22.6 |      15 |       5 |  25.0
       D:13 |    9994 |      52 |   0.5 |      24 |       4 |  14.3
       D:14 |    9035 |    4822 |  34.8 |      18 |       4 |  18.2
       D:15 |   10327 |    3927 |  27.6 |      22 |       6 |  21.4
     Lair:1 |    3600 |    1756 |  32.8 |      15 |       2 |  11.8
     Lair:2 |    5633 |    2016 |  26.4 |      17 |      17 |  50.0
     Lair:3 |    5384 |    1685 |  23.8 |      21 |      24 |  53.3
     Lair:4 |    4596 |       0 |   0.0 |      22 |       0 |   0.0
     Lair:5 |    8830 |   11918 |  57.4 |      32 |      41 |  56.2
    Swamp:1 |   15831 |       0 |   0.0 |      25 |       0 |   0.0
    Swamp:2 |   16409 |       0 |   0.0 |      28 |       0 |   0.0
    Swamp:3 |    6755 |       0 |   0.0 |      14 |       0 |   0.0
    Swamp:4 |   16960 |    7514 |  30.7 |      29 |      28 |  49.1
   Spider:1 |   23064 |    4116 |  15.1 |      56 |      12 |  17.6
   Spider:2 |    8139 |    3459 |  29.8 |      26 |      15 |  36.6
   Spider:3 |   24717 |    3749 |  13.2 |      50 |      21 |  29.6
   Spider:4 |   17184 |   15926 |  48.1 |      39 |      30 |  43.5
      Orc:1 |    4117 |    1832 |  30.8 |      36 |       6 |  14.3
      Orc:2 |    2095 |   11570 |  84.7 |      28 |      46 |  62.2
   Vaults:1 |   24158 |   32398 |  57.3 |      37 |      40 |  51.9
   Vaults:2 |   28563 |   19482 |  40.5 |      38 |      27 |  41.5
   Vaults:3 |    9346 |   21736 |  69.9 |      19 |      24 |  55.8
   Vaults:4 |   20266 |   21304 |  51.2 |      35 |      25 |  41.7
   Depths:1 |   31098 |   20541 |  39.8 |      46 |      29 |  38.7
   Depths:2 |   28109 |   52536 |  65.1 |      35 |      42 |  54.5
   Depths:3 |   17426 |   32477 |  65.1 |      26 |      23 |  46.9
    Ossuary |       0 |     156 | 100.0 |       0 |      27 | 100.0
   Gauntlet |       0 |    2699 | 100.0 |       0 |       9 | 100.0
            +---------+---------+-------+---------+---------+-------
